 Dungeon Crawl Stone Soup version 0.31-a0-177-g4aa6249778 (webtiles) character file.

Game seed: 8711176578593873690

635594 qw the Slayer (level 27, -4/196 HPs)
             Began as a Gargoyle Fighter on June 18, 2023.
             Was a High Priest of the Shining One.
             Killed by divine providence
             ... invoked by a royal mummy
              (12 damage)
             ... on level 3 of the Tomb of the Ancients.
             The game lasted 01:06:55 (69586 turns).

qw the Slayer (Gargoyle Fighter)                   Turns: 69586, Time: 01:06:56

Health: -4/196     AC: 86    Str: 40    XL:     27
Magic:  9/38       EV: 22    Int: 10    God:    the Shining One [*****.]
Gold:   5469       SH: 22    Dex: 12    Spells: 26/26 levels left

rFire   + . .        u - +6 broad axe (holy)
rCold   . . .        F - +0 tower shield
rNeg    + + +        E - +22 crystal plate armour of Valour {rPois Str+2}
rPois   inf          T - +2 helmet of Sin {Dex+5 Stlth-}
rElec   +            S - +2 cloak {Will+}
rCorr   .            t - +1 pair of gloves of Chimes {Str+5}
SInv    .            r - +2 pair of boots
Will    ++...        M - amulet of faith Stlth
                     K - ring "Qekhlym" {rF+ Will- EV+5 Stlth+}
HPRegen 0.52/turn    P - +5 ring of evasion
MPRegen 0.26/turn

%: clarity, faith
@: about to teleport, marked, flying, glowing
A: sickness immunity, AC +20, big wings, negative energy resistance 1,
electricity resistance, torment resistance 1, petrification resistance, clarity,
clumsy 1, shaggy fur 1, wild magic 2
}: 4/15 runes: decaying, serpentine, slimy, silver
a: Renounce Religion, Divine Shield, Cleansing Flame, Summon Divine Warrior


You were on level 3 of the Tomb of the Ancients.
You worshipped the Shining One.
The Shining One was extremely pleased with you.
You visited 12 branches of the dungeon, and saw 55 of its levels.
You visited the Abyss 1 time.
You visited 1 bazaar.
You also visited: Ossuary.

You collected 9073 gold pieces.
You spent 3604 gold pieces at shops.


Innate Abilities, Weirdness & Mutations

You are immune to sickness and miasma.
Your stone body is resilient. (AC +20)
You are immune to poison.
Your large and strong wings let you fly.
You resist negative energy. (rN+)
You are resistant to electric shocks. (rElec)
You are resistant to unholy torment.
You are immune to petrification.
You possess an exceptional clarity of mind.
You are clumsy. (Dex -2)
You are covered in fur. (AC +1)
Your spells are harder to cast, but more powerful.


   Skills:
 - Level 26.4 Fighting
 - Level 18.0 Axes
 - Level 15.0 Throwing
 - Level 22.0 Armour
 - Level 11.0 Dodging
 - Level 22.0 Shields
 + Level 22.5 Invocations


You had 26 spell levels left.
You didn't know any spells.
Your spell library was empty.

Inventory:

Hand Weapons
 b - a +2 vampiric war axe
 j - a +5 vampiric war axe
 u - a +6 broad axe of holy wrath (weapon)
 y - a +1 vampiric war axe
 G - a +2 broad axe of holy wrath
 I - a +2 war axe of holy wrath
 L - a +1 war axe of holy wrath
Missiles
 C - 28 boomerangs (quivered)
Armour
 r - a +2 pair of boots (worn)
 t - the +1 pair of gloves of Chimes (worn) {Str+5}
   (Okawaru gifted it to you on level 3 of the Realm of Zot)

   Str:       It affects your strength (+5).
 D - the +2 helmet of the Tormentor {rC- rN++ Str+4}
   (Okawaru gifted it to you on level 2 of the Vaults)

   Str:       It affects your strength (+4).
   rC:        It makes you vulnerable to cold.
   rN:        It greatly protects you from negative energy.
 E - the +22 crystal plate armour of Valour (worn) {rPois Str+2}
   (Okawaru gifted it to you on level 15 of the Dungeon)

   Str:       It affects your strength (+2).
   rPois:     It protects you from poison.
 F - a +0 tower shield (worn)
 S - a +2 cloak of willpower (worn)
 T - the +2 helmet of Sin (worn) {Dex+5 Stlth-}
   (You found it on level 5 of the Vaults)

   Dex:       It affects your dexterity (+5).
   Stlth:     It makes you less stealthy.
Jewellery
 a - the amulet "Buasauc" {Will+ Regen+ Slay+2}
   (You took it off a guardian mummy on level 3 of the Crypt)

   [amulet of regeneration]

   Slay:      It affects your accuracy & damage with ranged weapons and melee
   (+2).
   Regen:     It increases your rate of health regeneration.
   Will:      It increases your willpower.
 A - a ring of protection from cold
 K - the ring "Qekhlym" (left hand) {rF+ Will- EV+5 Stlth+}
   (You took it off a vault sentinel on level 5 of the Vaults)

   [ring of evasion]

   EV:        It affects your evasion (+5).
   rF:        It protects you from fire.
   Will:      It decreases your willpower.
   Stlth:     It makes you more stealthy.
 M - an amulet of faith (around neck)
 N - the ring "Pidaxuysed" {Wiz Contam rF+ rN++}
   (You bought it in a shop in a bazaar)

   [ring of wizardry]

   It improves your spell success rate.
   rF:        It protects you from fire.
   rN:        It greatly protects you from negative energy.
   Contam:    It causes magical contamination when unequipped.
 P - a +5 ring of evasion (right hand)
 Q - a ring of protection from cold
 R - the ring "Mibistryi" {Fire rPois Str+6 Dex-2}
   (You found it on level 5 of the Vaults)

   [ring of fire]

   It enhances your fire magic.
   Str:       It affects your strength (+6).
   Dex:       It affects your dexterity (-2).
   rF:        It protects you from fire.
   rC:        It makes you vulnerable to cold.
   rPois:     It protects you from poison.
 Y - a +6 ring of strength
Wands
 H - a wand of digging (14)
Scrolls
 q - 21 scrolls of identify
 s - 3 scrolls of enchant armour
Potions
 d - 9 potions of might
 e - 5 potions of enlightenment
 f - 5 potions of cancellation
 g - 8 potions of attraction
 i - a potion of mutation
 k - 6 potions of resistance
 l - 11 potions of curing
 m - 3 potions of lignification
 x - 4 potions of haste
 z - 4 potions of magic

Dungeon Overview and Level Annotations

Branches:
Dungeon (15/15)            Temple (1/1) D:6            Lair (5/5) D:9
  Swamp (4/4) Lair:3        Snake (4/4) Lair:2        Slime (5/5) Lair:5
    Orc (2/2) D:12            Elf (0/3) Orc:2        Vaults (5/5) D:13
  Crypt (3/3) Vaults:3       Tomb (3/3) Crypt:3      Depths (4/4) D:15
    Zot (4/5) Depths:4    Ossuary (visited)

Altars:
Ashenzari
Cheibriados
Dithmenos
Elyvilon
Fedhas
Gozag
Hepliaklqana
Kikubaaqudgha
Makhleb
Nemelex Xobeh
Okawaru
Qazlal
Ru
Sif Muna
Trog
Uskayaw
Vehumet
Wu Jian
Xom
Yredelemnul
Zin
The Shining One
Jiyva

Shops:
D:4 (   D:10 :   D:12 (   Orc:1 =   Orc:2 :*[(*   Snake:4 ::=   Zot:3 *

Portals:
Hell: Depths:1 Depths:2 Depths:3 Depths:4
Abyss: Depths:3
Pandemonium: Depths:2
Ziggurat: Depths:3

Annotations:
D:6 1 runed translucent door, Crazy Yiuf
D:9 1 runed translucent door, qw's ghost, novice GrHu
D:12 3 runed translucent doors
Lair:4 exclusion: 4 wolves
Lair:5 1 runed translucent door
Snake:2 3 runed translucent doors, qw's ghost, adept GrFi; qw's ghost, adept NaHu
Depths:3 exclusions: eye of devastation, 4 floating eyes and shining eye, Parghit
Zot:3 3 runed translucent doors, qw's ghost, veteran GrFi


Message History

You feel better.
You feel your power returning.
You hit the death scarab but do no damage.
You feel extremely nervous for a moment...
Pain shoots through your body!! You block the death scarab's attack.
Your daeva blocks the emperor scorpion's attack.
The emperor scorpion barely misses your daeva.
Your daeva blocks the emperor scorpion's attack.
69583 ||| INVOKING Cleansing Flame.
The golden flame engulfs you but does no damage.
You resist.
The golden flame engulfs the death scarab!!!
The death scarab writhes in agony!
You destroy the death scarab!
The death scarab's corpse disappears in a puff of smoke!
The golden flame engulfs the royal mummy!!
The royal mummy writhes in agony!
The royal mummy is lightly damaged.
The golden flame engulfs the death scarab!!!
The death scarab writhes in agony!
You destroy the death scarab!
The death scarab's corpse disappears in a puff of smoke!
The golden flame engulfs your daeva.
Your daeva completely resists.
Your daeva is severely wounded.
The emperor scorpion enters a dispersal trap!
The emperor scorpion blinks! x2
Your daeva blinks!
The royal mummy blinks!
You hit the royal mummy.
The royal mummy convulses.
The royal mummy is lightly damaged.
Your surroundings suddenly seem different.
Found a golden rune of Zot.
Enter note:
Enter note:
69585 ||| READING scroll of teleportation.
As you read the scroll of teleportation, it crumbles to dust.
You feel strangely unstable. The royal mummy casts a spell at you.
Something smites you!
You die...

...¤....... ### ...........
...¤....... ###.}### ...........
..........# ##......## #...^.....
...^.....## #........# #...?....
^....(...# ##........## #........
........####..........####.......
.........................../.....
...V.........................MW..
....Z..9........@...........sMM.¤
(..s..sM.............^.....Lz4V¤.
...:^..B................M.M3..sM¤
.......B................z.M...M¤.
.....^.s..Z......M.....)..Z3Z....
#......M..M...^.M................
###....M..9.M.s............M..M##
#+###.M.M..............###s##
....##.


Ms You could see 2 royal mummies, an emperor scorpion (summoned), 2 mummy
priests, 2 guardian mummies, an ushabti and a spriggan defender zombie
(summoned).

Vanquished Creatures
  the Royal Jelly (Slime:5)
  3 ancient liches (Vaults:4)
  Mara (Vaults:4)
  Mennas (Vaults:3)
  A juggernaut (Depths:2)
  18 royal mummies
  the Lernaean hydra (Swamp:4)
  Vashnia (Snake:4)
  Bai Suzhen (Vaults:4)
  Frederick (Vaults:5)
  Saint Roka (Depths:1)
  8 golden dragons
  2 bone dragons
  Jory (Depths:4)
  2 doom hounds (Crypt:1)
  Zenata (Crypt:1)
  Jorgrun (Orc:2)
  A walking crystal tome (Depths:4)
  16 tentacled monstrosities
  5 quicksilver dragons
  9 titans
  Asterion (Depths:1)
  Grunn (Crypt:1)
  3 deep elf master archers
  5 liches
  17 acid blobs
  11 deep elf blademasters
  15 ancient champions
  15 sphinxes
  2 Executioners
  2 tentacled starspawn (Abyss:2)
  3 death cobs
  11 tengu reavers
  A thorn hunter (Swamp:3)
  5 draconian monks
  Kirke (Lair:3)
  16 shadow dragons
  8 storm dragons
  3 revenants
  2 nagarajas
  10 rockslimes
  8 azure jellies (Slime:5)
  3 fenstrider witches
  18 fire giants
  18 frost giants
  6 iron dragons
  A deep elf sorcerer (Crypt:1)
  9 draconian knights
  18 vault wardens
  2 balrugs (Depths:1)
  5 draconian scorchers
  6 draconian shifters
  A caustic shrike zombie (Crypt:1)
  A spriggan defender (Depths:1)
  2 curse skulls (Crypt:3)
  16 very ugly things
  2 draconian stormcallers
  11 ghouls
  5 draconian annihilators
  3 orc warlords
  A caustic shrike skeleton (Tomb:2)
  18 stone giants
  8 quicksilver oozes (Slime:5)
  2 reapers (Crypt:2)
  24 ironbound preservers
  8 ironbound thunderhulks
  12 formless jellyfish
  6 war gargoyles
  12 vampire knights
  7 green draconians
  2 eleionomae
  A deep elf demonologist (Crypt:2)
  5 bunyips
  A bunyip (shapeshifter) (Vaults:4)
  11 bennus
  6 dire elephants
  11 white draconians
  8 black draconians
  11 spark wasps
  17 yellow draconians
  A deep elf annihilator (Vaults:5)
  6 purple draconians
  12 red draconians
  5 deep elf death magi
  A merfolk impaler (Depths:2)
  4 fire dragons
  5 eidola
  14 ettins
  3 crystal guardians
  12 great orbs of eyes
  16 mummy priests
  12 jiangshi
  10 yaktaur captains
  3 entropy weavers
  3 deep elf high priests
  10 ice dragons
  3 rakshasas
  A spriggan skeleton (Tomb:3)
  3 peacekeepers
  A fenstrider witch zombie (Crypt:2)
  A salamander tyrant (Snake:2)
  2 hell beasts (Depths:1)
  5 ogre magi
  40 vault guards
  9 anacondas
  11 ironbound frosthearts
  21 hydras
  8 boulder beetles
  13 centaur warriors
  4 spriggan air magi
  21 naga warriors
  2 catoblepae
  4 ghost crabs
  20 death scarabs
  16 two-headed ogres
  4 death knights
  15 deep troll earth magi
  2 deep troll shamans
  4 alligators
  5 vampire magi
  3 hell hogs (Depths:1)
  6 spriggan berserkers
  6 tengu warriors
  An orc high priest (Orc:2)
  A thrashing horror (Abyss:2)
  27 hell knights
  4 sun demons
  9 deep elf knights
  21 naga sharpshooters
  2 soul eaters (Depths:1)
  2 storm dragon zombies
  11 shock serpents
  2 titan skeletons
  2 wretched stars (Abyss:2)
  30 skeletal warriors
  6 iron trolls
  A shadow wraith (Crypt:3)
  A skyshark (Lair:3)
  An anaconda zombie (Crypt:2)
  4 salamander mystics
  8 flayed ghosts
  4 goliath frogs
  A sixfirhy (Abyss:2)
  63 deep trolls
  3 spriggan druids
  12 swamp dragons
  12 bog bodies
  4 glowing orange brains
  5 naga ritualists
  21 ironbound convokers
  11 lindwurms
  15 phantasmal warriors
  9 deep elf archers
  7 deep elf zephyrmancers
  A tengu zombie (Vaults:1)
  5 wizards
  A harpy (shapeshifter) (D:15)
  5 harpies
  6 orc knights
  A bunyip skeleton (Crypt:3)
  11 deep elf pyromancers
  9 mana vipers
  5 shining eyes
  A wolf spider (D:15)
  An oklob plant (Lair:5)
  A shadow dragon skeleton (Crypt:2)
  13 necromancers
  3 will-o-the-wisps
  11 salamanders
  7 orc sorcerers
  2 human zombies
  22 ugly things
  A goliath frog skeleton (Crypt:2)
  Maurice (D:10)
  2 cyclopes (D:15)
  14 elephants
  25 moths of wrath
  3 manticores
  33 black mambas
  A rust devil (Abyss:2)
  Joseph (D:8)
  An eye of devastation (Slime:5)
  21 naga magi
  7 torpor snails (Lair:5)
  5 guardian serpents
  A torpor snail (shapeshifter) (D:15)
  23 vault sentinels
  4 smoke demons
  A frost giant skeleton (Depths:1)
  A shock serpent skeleton (Crypt:1)
  An ice statue (D:12)
  10 cane toads
  Maggie (D:6)
  2 gargoyles (D:13)
  A catoblepas zombie (Tomb:2)
  A death yak zombie (Crypt:3)
  3 rime drakes
  Psyche (D:8)
  A swamp worm zombie (Crypt:2)
  An unseen horror (D:10)
  8 freezing wraiths
  70 guardian mummies
  An unseen horror (shapeshifter) (Vaults:5)
  21 yaktaurs
  A mana viper zombie (Crypt:2)
  A yaktaur (shapeshifter) (D:14)
  An elf skeleton (Vaults:1)
  10 komodo dragons
  An unseen horror skeleton (Crypt:3)
  A tengu conjurer (Depths:1)
  A hydra zombie (Crypt:1)
  4 trolls
  2 harpy zombies (Tomb:3)
  2 ancient zymes (Abyss:2)
  12 tyrant leeches
  2 harpy skeletons
  A meliai (D:14)
  18 hornets
  17 blink frogs
  A death drake skeleton (Crypt:3)
  A mana viper skeleton (Crypt:1)
  4 polar bears
  A snapping turtle (shapeshifter) (Vaults:5)
  Grinder (D:6)
  4 dream sheep (Lair:5)
  A dream sheep (shapeshifter) (D:14)
  97 slime creatures
  2 shadows
  15 spriggans
  A culicivora (Vaults:1)
  46 flying skulls
  7 wyverns
  14 ushabtiu
  7 wraiths
  A vampire (D:14)
  31 yaks
  2 water elementals
  7 basilisks
  A redback (Vaults:1)
  A golden eye (Slime:5)
  3 hogs (Swamp:1)
  6 wargs
  40 nagas
  3 steam dragons
  18 swamp worms
  A faun zombie (Crypt:2)
  A redback simulacrum (D:14)
  4 acid dragons
  6 vampire mosquitoes
  Edmund (D:6)
  6 large abominations
  A naga (shapeshifter) (Vaults:5)
  2 ogre skeletons
  12 water moccasins
  Duvessa (D:6)
  A merfolk skeleton (Crypt:3)
  5 hell hounds (Abyss:2)
  4 small abominations (Abyss:2)
  A floating eye (shapeshifter) (Vaults:1)
  27 orc warriors
  A black bear (shapeshifter) (Vaults:3)
  A sky beast (D:7)
  4 black bears
  9 swamp drakes
  An ice beast (D:6)
  10 ogres
  14 wolves
  An elephant zombie (Crypt:2)
  A snapping turtle skeleton (Crypt:3)
  18 centaurs
  2 phantoms (D:7)
  4 kobold brigands
  A vine stalker zombie (Crypt:1)
  A salamander zombie (Crypt:3)
  16 bullfrogs
  3 human skeletons
  2 gnoll sergeants
  3 necrophages
  A scorpion (D:5)
  8 wights (D:7)
  Dowan (D:6)
  A troll zombie (Crypt:1)
  A troll skeleton (Crypt:1)
  12 killer bees
  6 howler monkeys
  7 electric eels
  2 quasits
  5 hounds
  26 orc priests
  2 jellies
  2 sleepcaps
  A gnoll bouda (D:7)
  Ijyb (D:4)
  6 iguanas
  39 orc wizards
  4 hell rats (Lair:5)
  A tengu skeleton (Crypt:3)
  A hound skeleton (Crypt:1)
  54 mummies
  10 gnolls
  8 adders
  10 shadow imps
  10 white imps
  8 ufetubi
  A worm (D:4)
  2 dart slugs
  73 orcs
  6 endoplasms
  4 giant cockroaches
  6 goblins
  6 hobgoblins
  6 jackals
  A quokka (D:4)
  16 ball pythons
  7 bats
  An endoplasm zombie (Crypt:3)
  2 frilled lizards (D:1)
  2 gnoll zombies (Ossuary)
  3 hobgoblin zombies (Ossuary)
  33 kobolds
  A kobold zombie (Ossuary)
  3 orc zombies
  5 rats
  2 rat zombies (D:6)
  A lurking horror (Abyss:2)
  2 spectral weapons (Depths:1)
  4 starspawn tentacles (Abyss:2)
2501 creatures vanquished.

Vanquished Creatures (collateral kills)
  7 royal mummies
  5 ancient champions
  2 revenants
  2 fire giants (Tomb:1)
  A reaper (Crypt:1)
  A bennu (Tomb:3)
  6 mummy priests
  5 death scarabs
  3 deep elf knights
  A shadow wraith (Crypt:2)
  3 skeletal warriors
  A bog body (Crypt:2)
  A flayed ghost (Crypt:3)
  A phantasmal warrior (Crypt:2)
  A deep elf zephyrmancer (Crypt:2)
  10 guardian mummies
  4 flying skulls
  7 ushabtiu
  A wraith (Crypt:2)
  14 mummies
76 creatures vanquished.

Vanquished Creatures (others)
  2 nagarajas (Snake:4)
  A draconian knight (Zot:4)
  A vault warden (Vaults:4)
  A deep elf high priest (Vaults:5)
  An ironbound convoker (Vaults:3)
  A wizard (D:14)
  A tormentor (Crypt:1)
  A large abomination (Abyss:2)
  2 spriggans (Swamp:4)
  A naga (Snake:2)
  A swamp worm (Swamp:2)
  An orc wizard (Orc:2)
  An orc (Depths:1)
  6 foxfires
  4 starspawn tentacles (Abyss:2)
25 creatures vanquished.

Grand Total: 2602 creatures vanquished

Notes
Turn   | Place    | Note
-------+----------+-------------------------------------------
     0 | D:1      | qw the Gargoyle Fighter began the quest for the Orb.
     0 | D:1      | Reached XP level 1. HP: 14/14 MP: 1/1
     0 | D:1      | 0 ||| qw: Version: 0.3-a-7-ge0c9b40
     0 | D:1      | 0 ||| qw: Game counter: 727
     0 | D:1      | 0 ||| qw: Always use a shield: true
     0 | D:1      | 0 ||| qw: God list: Okawaru
     0 | D:1      | 0 ||| qw: Allow faded altars: false
     0 | D:1      | 0 ||| qw: Do Orc after D:15 true
     0 | D:1      | 0 ||| qw: Do second Lair branch before Depths: true
     0 | D:1      | 0 ||| qw: Lair rune preference: random
     0 | D:1      | 0 ||| qw: Plans: Normal, Zot:1-4, Slime:5, God:TSO, Crypt,
                  | Tomb, Abyss, Pan, Hells, Win
     0 | D:1      | 0 ||| PLANNING D:1-11
    85 | D:1      | Reached XP level 2. HP: 19/19 MP: 2/2
   147 | D:1      | 147 ||| FLEEEEING.
   148 | D:1      | 148 ||| FLEEEEING.
   149 | D:1      | 149 ||| FLEEEEING.
   150 | D:1      | 150 ||| FLEEEEING.
   151 | D:1      | 151 ||| FLEEEEING.
   155 | D:1      | 155 ||| Stepping ~*~*~tactically~*~*~ (hiding).
   249 | D:1      | 249 ||| Stepping ~*~*~tactically~*~*~ (stealth).
   250 | D:1      | 250 ||| Stepping ~*~*~tactically~*~*~ (stealth).
   252 | D:1      | 252 ||| Stepping ~*~*~tactically~*~*~ (stealth).
   303 | D:1      | 303 ||| Stepping ~*~*~tactically~*~*~ (hiding).
   307 | D:1      | Reached skill level 3 in Axes
   307 | D:1      | 307 ||| Stepping ~*~*~tactically~*~*~ (hiding).
   308 | D:1      | 308 ||| FLEEEEING.
   309 | D:1      | 309 ||| FLEEEEING.
   350 | D:1      | Reached XP level 3. HP: 23/23 MP: 3/3
   580 | D:1      | 580 ||| DROPPING ring of magical power.
   581 | D:1      | 581 ||| READING scroll labelled LODIPT OCRO.
   582 | D:1      | 582 ||| READING scroll labelled EBYCOM WUAPP.
   583 | D:1      | 583 ||| READING 2 scrolls labelled WEWEACZ ULOGA.
   587 | D:1      | 587 ||| DRINKING 2 fuming clear potions.
   587 | D:1      | Gained mutation: Your flesh is cold resistant. (rC+)
                  | [potion of mutation]
   587 | D:1      | Gained mutation: You are robust. (+10% HP) [potion of
                  | mutation]
   587 | D:1      | Lost mutation: You are robust. (+10% HP) [potion of
                  | mutation]
   587 | D:1      | Gained mutation: You have very sharp teeth. [potion of
                  | mutation]
   649 | D:2      | 649 ||| Stepping ~*~*~tactically~*~*~ (stealth).
  1020 | D:2      | Reached XP level 4. HP: 28/28 MP: 4/4
  1360 | D:2      | 1360 ||| DROPPING +0 whip.
  1538 | D:2      | 1538 ||| READING scroll labelled TYUDEE PEM WEG.
  1566 | D:3      | 1566 ||| STAIRDANCE
  2086 | D:3      | 2086 ||| Stepping ~*~*~tactically~*~*~ (stealth).
  2089 | D:3      | Reached XP level 5. HP: 32/32 MP: 5/5
  2106 | D:3      | Found a faded altar of an unknown god.
  2239 | D:3      | 2239 ||| UPGRADING to +0 plate armour.
  2249 | D:3      | 2249 ||| DROPPING +0 scale mail.
  2250 | D:3      | 2250 ||| UPGRADING to +6 ring of strength.
  2251 | D:3      | 2251 ||| UPGRADING to ring of willpower.
  2252 | D:3      | 2252 ||| READING scroll labelled GUOLADGH BELACK.
  2273 | D:3      | 2273 ||| READING scroll labelled QIZ XO FUHUBESA.
  2274 | D:3      | 2274 ||| READING scroll labelled GIAMNE EVVODOV.
  2441 | D:4      | 2441 ||| Stepping ~*~*~tactically~*~*~ (stealth).
  2442 | D:4      | 2442 ||| Stepping ~*~*~tactically~*~*~ (stealth).
  2449 | D:4      | Reached XP level 6. HP: 38/38 MP: 6/6
  2454 | D:4      | Reached skill level 4 in Fighting
  2454 | D:4      | 2454 ||| Stepping ~*~*~tactically~*~*~ (stealth).
  2475 | D:4      | 2475 ||| Stepping ~*~*~tactically~*~*~ (stealth).
  2477 | D:4      | 2477 ||| Stepping ~*~*~tactically~*~*~ (stealth).
  2545 | D:4      | 2545 ||| Stepping ~*~*~tactically~*~*~ (stealth).
  2547 | D:4      | Found Kioh's Weapon Boutique.
  2563 | D:4      | 2563 ||| BUYING +0 flail (42 gold).
  2563 | D:4      | Bought a +0 flail for 42 gold pieces
  2563 | D:4      | 2563 ||| BUYING +0 war axe (42 gold).
  2563 | D:4      | Bought a +0 war axe for 42 gold pieces
  2563 | D:4      | 2563 ||| SHOPLISTING +1 flail of protection (134 gold, have
                  | 36).
  2563 | D:4      | 2563 ||| SHOPLISTING +2 vampiric war axe (270 gold, have
                  | 36).
  2563 | D:4      | 2563 ||| DROPPING +0 mace.
  2564 | D:4      | 2564 ||| DROPPING +0 hand axe.
  2570 | D:4      | Found a glowing golden altar of the Shining One.
  2766 | D:4      | Noticed Ijyb
  2776 | D:4      | Killed Ijyb
  2973 | D:4      | 2973 ||| Stepping ~*~*~tactically~*~*~ (stealth).
  3179 | D:4      | 3179 ||| UPGRADING to +0 cloak.
  3184 | D:4      | 3184 ||| READING 2 scrolls labelled DAPUIX ECAPS.
  3185 | D:4      | 3185 ||| DRINKING 2 fizzy orange potions.
  3186 | D:4      | 3186 ||| READING 2 scrolls of identify.
  3186 | D:4      | 3186 ||| IDENTIFYING bubbling sapphire potion
  3187 | D:4      | 3187 ||| DROPPING potion of invisibility.
  3188 | D:4      | 3188 ||| DROPPING scroll of fear.
  3192 | D:5      | Entered Level 5 of the Dungeon
  3214 | D:5      | 3214 ||| STAIRDANCE
  3279 | D:5      | Reached skill level 6 in Axes
  3342 | D:5      | 3342 ||| Stepping ~*~*~tactically~*~*~ (hiding).
  3348 | D:5      | 3348 ||| Stepping ~*~*~tactically~*~*~ (stealth).
  3375 | D:5      | Reached skill level 1 in Dodging
  3378 | D:5      | Reached XP level 7. HP: 27/43 MP: 7/7
  3530 | D:5      | 3530 ||| Stepping ~*~*~tactically~*~*~ (stealth).
  3692 | D:5      | Found a glowing silver altar of Zin.
  3729 | D:5      | 3729 ||| Stepping ~*~*~tactically~*~*~ (hiding).
  3779 | D:5      | Reached skill level 5 in Fighting
  3789 | D:5      | 3789 ||| FLEEEEING.
  3790 | D:5      | 3790 ||| FLEEEEING.
  3791 | D:5      | 3791 ||| FLEEEEING.
  3792 | D:5      | 3792 ||| FLEEEEING.
  3793 | D:5      | 3793 ||| FLEEEEING.
  3797 | D:5      | 3797 ||| FLEEEEING.
  3798 | D:5      | 3798 ||| FLEEEEING.
  3799 | D:5      | 3799 ||| FLEEEEING.
  3800 | D:5      | 3800 ||| FLEEEEING.
  3801 | D:5      | 3801 ||| FLEEEEING.
  3802 | D:5      | 3802 ||| FLEEEEING.
  3803 | D:5      | 3803 ||| FLEEEEING.
  3804 | D:5      | 3804 ||| FLEEEEING.
  3805 | D:5      | 3805 ||| FLEEEEING.
  3882 | D:5      | 3882 ||| Stepping ~*~*~tactically~*~*~ (stealth).
  3890 | D:5      | 3890 ||| Stepping ~*~*~tactically~*~*~ (stealth).
  3898 | D:5      | 3898 ||| Stepping ~*~*~tactically~*~*~ (stealth).
  3915 | D:5      | 3915 ||| UPGRADING to +0 pair of boots.
  3920 | D:5      | 3920 ||| READING scroll labelled ROSEDO KOCK.
  3921 | D:5      | 3921 ||| READING 3 scrolls of identify.
  3921 | D:5      | 3921 ||| IDENTIFYING pink potion
  3922 | D:5      | 3922 ||| READING 2 scrolls of identify.
  3922 | D:5      | 3922 ||| IDENTIFYING cyan potion
  3930 | D:5      | 3930 ||| STAIRDANCE
  4371 | D:6      | 4371 ||| PLANNING OSSUARY
  4374 | D:6      | Noticed Dowan
  4376 | D:6      | Noticed Duvessa
  4377 | D:6      | 4377 ||| STAIRDANCE
  4381 | D:5      | Reached XP level 8. HP: 46/49 MP: 8/8
  4394 | D:6      | 4394 ||| Stepping ~*~*~tactically~*~*~ (hiding).
  4395 | D:6      | 4395 ||| Stepping ~*~*~tactically~*~*~ (hiding).
  4410 | D:6      | Killed Duvessa
  4413 | D:6      | 4413 ||| Stepping ~*~*~tactically~*~*~ (hiding).
  4414 | D:6      | 4414 ||| Stepping ~*~*~tactically~*~*~ (hiding).
  4415 | D:6      | 4415 ||| Stepping ~*~*~tactically~*~*~ (hiding).
  4421 | D:6      | 4421 ||| Stepping ~*~*~tactically~*~*~ (hiding).
  4423 | D:6      | 4423 ||| Stepping ~*~*~tactically~*~*~ (hiding).
  4431 | D:6      | 4431 ||| Stepping ~*~*~tactically~*~*~ (hiding).
  4439 | D:6      | Killed Dowan
  4568 | D:6      | Found a sand-covered staircase.
  4569 | D:6      | 4569 ||| READING 3 scrolls of identify.
  4569 | D:6      | 4569 ||| IDENTIFYING viscous golden potion
  4570 | D:6      | 4570 ||| READING 2 scrolls of identify.
  4570 | D:6      | 4570 ||| IDENTIFYING dark potion
  4571 | D:6      | 4571 ||| DROPPING potion of brilliance.
  4583 | Ossuary  | Entered an ossuary
  4843 | Ossuary  | 4843 ||| READING scroll labelled QITHO NAKLA.
  4844 | Ossuary  | 4844 ||| READING scroll labelled USTRIT YCLOCYOLULY.
  4845 | Ossuary  | 4845 ||| DRINKING 2 sedimented black potions.
  4846 | Ossuary  | 4846 ||| READING 2 scrolls of identify.
  4846 | Ossuary  | 4846 ||| IDENTIFYING grey potion
  4847 | Ossuary  | 4847 ||| DROPPING potion of degeneration.
  4871 | D:6      | 4871 ||| PLANNING D:1-11
  4959 | D:6      | Found a staircase to the Ecumenical Temple.
  4960 | D:6      | 4960 ||| PLANNING TEMPLE
  4980 | Temple   | Entered the Ecumenical Temple
  5025 | Temple   | 5025 ||| PLANNING OKAWARU WORSHIP
  5107 | Temple   | Became a worshipper of Warmaster Okawaru
  5108 | Temple   | 5108 ||| PLANNING D:1-11
  5374 | D:6      | Reached skill level 6 in Fighting
  5418 | D:6      | Noticed Grinder
  5422 | D:6      | 5422 ||| Stepping ~*~*~tactically~*~*~ (hiding).
  5424 | D:6      | 5424 ||| Stepping ~*~*~tactically~*~*~ (hiding).
  5436 | D:6      | Killed Grinder
  5437 | D:6      | Reached XP level 9. HP: 52/56 MP: 9/9
  5582 | D:6      | Found a runed translucent door.
  5582 | D:6      | Noticed Maggie
  5582 | D:6      | Noticed Edmund
  5588 | D:6      | 5588 ||| Stepping ~*~*~tactically~*~*~ (cloud).
  5597 | D:6      | 5597 ||| READING scroll labelled POSIYV FIAD.
  5609 | D:6      | Killed Maggie
  5610 | D:6      | Reached skill level 9 in Axes
  5612 | D:6      | HP: 12/56 [Edmund/+6 flail of protection (11)]
  5613 | D:6      | 5613 ||| READING scroll of teleportation.
  5614 | D:6      | 5614 ||| DRINKING 2 potions of heal wounds.
  5717 | D:6      | Noticed Crazy Yiuf
  5720 | D:6      | 5720 ||| DROPPING +0 war axe.
  5755 | D:7      | Reached * piety under Okawaru
  5756 | D:7      | 5756 ||| INVOKING Heroism.
  5776 | D:7      | 5776 ||| STAIRDANCE
  5846 | D:6      | Killed Edmund
  5878 | D:6      | 5878 ||| DROPPING +0 flail.
  5923 | D:7      | Found a sparkling altar of Nemelex Xobeh.
  5925 | D:7      | 5925 ||| READING scroll of enchant weapon.
  5925 | D:7      | 5925 ||| ENCHANTING +0 vampiric war axe.
  5932 | D:7      | 5932 ||| Stepping ~*~*~tactically~*~*~ (hiding).
  5933 | D:7      | 5933 ||| Stepping ~*~*~tactically~*~*~ (hiding).
  6059 | D:7      | 6059 ||| INVOKING Heroism.
  6089 | D:7      | 6089 ||| Stepping ~*~*~tactically~*~*~ (stealth).
  6090 | D:7      | 6090 ||| Stepping ~*~*~tactically~*~*~ (stealth).
  6091 | D:7      | 6091 ||| Stepping ~*~*~tactically~*~*~ (stealth).
  6092 | D:7      | 6092 ||| Stepping ~*~*~tactically~*~*~ (stealth).
  6098 | D:7      | 6098 ||| Stepping ~*~*~tactically~*~*~ (stealth).
  6099 | D:7      | 6099 ||| Stepping ~*~*~tactically~*~*~ (stealth).
  6105 | D:7      | Reached skill level 7 in Fighting
  6165 | D:7      | Found a shadowy altar of Dithmenos.
  6166 | D:7      | Found a broken altar of Ashenzari.
  6167 | D:7      | Found a hazy altar of Hepliaklqana.
  6167 | D:7      | Found a blossoming altar of Fedhas.
  6168 | D:7      | Found a shimmering altar of Xom.
  6168 | D:7      | Found a hide-covered altar of Uskayaw.
  6169 | D:7      | Found an ancient bone altar of Kikubaaqudgha.
  6169 | D:7      | Found a bloodstained altar of Trog.
  6169 | D:7      | Found a shimmering blue altar of Sif Muna.
  6209 | D:7      | 6209 ||| Stepping ~*~*~tactically~*~*~ (stealth).
  6215 | D:7      | 6215 ||| Stepping ~*~*~tactically~*~*~ (stealth).
  6233 | D:7      | Reached skill level 6 in Armour
  6233 | D:7      | Reached skill level 1 in Invocations
  6237 | D:7      | 6237 ||| Stepping ~*~*~tactically~*~*~ (hiding).
  6243 | D:7      | 6243 ||| INVOKING Heroism.
  6475 | D:7      | 6475 ||| Stepping ~*~*~tactically~*~*~ (hiding).
  6484 | D:7      | Reached skill level 3 in Invocations
  6847 | D:7      | 6847 ||| READING 2 scrolls of identify.
  6847 | D:7      | 6847 ||| IDENTIFYING golden potion
  6848 | D:7      | 6848 ||| DROPPING potion of berserk rage.
  6862 | D:8      | Noticed Psyche
  6863 | D:8      | 6863 ||| INVOKING Heroism.
  6869 | D:8      | Killed Psyche
  6869 | D:8      | Reached ** piety under Okawaru
  6870 | D:8      | Reached XP level 10. HP: 63/63 MP: 9/13
  6925 | D:8      | 6925 ||| Stepping ~*~*~tactically~*~*~ (stealth).
  6927 | D:8      | 6927 ||| Stepping ~*~*~tactically~*~*~ (hiding).
  6956 | D:8      | 6956 ||| Stepping ~*~*~tactically~*~*~ (hiding).
  6957 | D:8      | 6957 ||| Stepping ~*~*~tactically~*~*~ (hiding).
  6958 | D:8      | 6958 ||| Stepping ~*~*~tactically~*~*~ (hiding).
  7004 | D:8      | 7004 ||| Stepping ~*~*~tactically~*~*~ (stealth).
  7005 | D:8      | 7005 ||| Stepping ~*~*~tactically~*~*~ (stealth).
  7007 | D:8      | 7007 ||| Stepping ~*~*~tactically~*~*~ (hiding).
  7008 | D:8      | 7008 ||| Stepping ~*~*~tactically~*~*~ (hiding).
  7010 | D:8      | 7010 ||| Stepping ~*~*~tactically~*~*~ (hiding).
  7017 | D:8      | Noticed a two-headed ogre
  7018 | D:8      | 7018 ||| INVOKING Heroism.
  7028 | D:8      | Killed a two-headed ogre
  7029 | D:8      | Reached skill level 8 in Fighting
  7053 | D:8      | Noticed Joseph
  7054 | D:8      | 7054 ||| Stepping ~*~*~tactically~*~*~ (hiding).
  7072 | D:8      | 7072 ||| INVOKING Heroism.
  7073 | D:8      | Killed Joseph
  7207 | D:8      | 7207 ||| INVOKING Heroism.
  7236 | D:8      | Identified the +5 plate armour "Faqaer" {Rampage}
  7489 | D:8      | 7489 ||| DROPPING +2 scale mail of fire resistance.
  7490 | D:8      | 7490 ||| DROPPING +3 scale mail of cold resistance.
  7491 | D:8      | 7491 ||| UPGRADING to +0 kite shield.
  7501 | D:8      | 7501 ||| DROPPING +0 buckler.
  7502 | D:8      | 7502 ||| UPGRADING to +5 plate armour "Faqaer" {Rampage}.
  7512 | D:8      | 7512 ||| DROPPING +0 plate armour.
  7513 | D:8      | 7513 ||| READING 2 scrolls of identify.
  7513 | D:8      | 7513 ||| IDENTIFYING viscous black potion
  7514 | D:8      | 7514 ||| DROPPING potion of ambrosia.
  7587 | D:9      | 7587 ||| Stepping ~*~*~tactically~*~*~ (stealth).
  7589 | D:9      | 7589 ||| Stepping ~*~*~tactically~*~*~ (hiding).
  7636 | D:9      | Reached skill level 6 in Shields
  7745 | D:9      | 7745 ||| INVOKING Heroism.
  7770 | D:9      | 7770 ||| DROPPING +6 flail of protection.
  7808 | D:9      | 7808 ||| Stepping ~*~*~tactically~*~*~ (stealth).
  7810 | D:9      | 7810 ||| Stepping ~*~*~tactically~*~*~ (stealth).
  7812 | D:9      | 7812 ||| Stepping ~*~*~tactically~*~*~ (stealth).
  7814 | D:9      | 7814 ||| INVOKING Heroism.
  7826 | D:9      | Found a staircase to the Lair.
  7832 | D:9      | 7832 ||| INVOKING Heroism.
  7836 | D:9      | 7836 ||| Stepping ~*~*~tactically~*~*~ (water).
  7839 | D:9      | Reached skill level 1 in Throwing
  7842 | D:9      | 7842 ||| Stepping ~*~*~tactically~*~*~ (water).
  7855 | D:9      | 7855 ||| Stepping ~*~*~tactically~*~*~ (water).
  7881 | D:9      | Reached XP level 11. HP: 69/69 MP: 14/14
  7923 | D:9      | Found an opulent altar of Gozag.
  7997 | D:9      | Found a flagged portal.
  8159 | D:9      | Noticed qw's ghost (novice GrHu)
  8160 | D:9      | Found a runed translucent door.
  8348 | D:9      | 8348 ||| DRINKING 2 bubbling orange potions.
  8349 | D:9      | 8349 ||| PLANNING LAIR
  8394 | Lair:1   | Entered Level 1 of the Lair of Beasts
  8395 | Lair:1   | 8395 ||| INVOKING Heroism.
  8405 | Lair:1   | Reached skill level 9 in Shields
  8406 | Lair:1   | Reached *** piety under Okawaru
  8430 | Lair:1   | Reached **** piety under Okawaru
  8539 | Lair:1   | Found a glowing golden altar of the Shining One.
  8580 | Lair:1   | 8580 ||| INVOKING Heroism.
  8595 | Lair:1   | Reached skill level 6 in Invocations
  8717 | Lair:1   | Reached ***** piety under Okawaru
  8777 | Lair:1   | 8777 ||| INVOKING Heroism.
  8865 | Lair:1   | Identified the +4 leather armour of Responsibility {rN++
                  | Will-}
  9079 | Lair:1   | Reached XP level 12. HP: 75/75 MP: 17/17
  9081 | Lair:1   | Reached skill level 9 in Fighting
  9389 | Lair:1   | 9389 ||| UPGRADING to +1 pair of gloves.
  9394 | Lair:1   | 9394 ||| READING 2 scrolls of identify.
  9394 | Lair:1   | 9394 ||| IDENTIFYING amethyst potion
  9469 | Lair:2   | 9469 ||| INVOKING Heroism.
  9479 | Lair:2   | Identified the +1 kite shield of Ifecs {SInv} (Okawaru
                  | gifted it to you on level 2 of the Lair of Beasts)
  9479 | Lair:2   | Received a gift from Okawaru
  9497 | Lair:2   | 9497 ||| INVOKING Heroism.
  9542 | Lair:2   | 9542 ||| READING scroll of enchant armour.
  9542 | Lair:2   | 9542 ||| ENCHANTING +1 pair of gloves.
  9544 | Lair:2   | 9544 ||| INVOKING Heroism.
  9549 | Lair:2   | Noticed a boulder beetle
  9550 | Lair:2   | 9550 ||| Stepping ~*~*~tactically~*~*~ (stealth).
  9552 | Lair:2   | 9552 ||| Stepping ~*~*~tactically~*~*~ (stealth).
  9553 | Lair:2   | 9553 ||| Stepping ~*~*~tactically~*~*~ (stealth).
  9568 | Lair:2   | 9568 ||| INVOKING Finesse.
  9592 | Lair:2   | 9592 ||| INVOKING Heroism.
  9621 | Lair:2   | Killed a boulder beetle
  9711 | Lair:2   | 9711 ||| Stepping ~*~*~tactically~*~*~ (hiding).
  9761 | Lair:2   | 9761 ||| INVOKING Heroism.
  9938 | Lair:2   | 9938 ||| INVOKING Heroism.
  9944 | Lair:2   | Reached skill level 9 in Invocations
  9967 | Lair:2   | 9967 ||| INVOKING Heroism.
 10049 | Lair:2   | 10049 ||| Stepping ~*~*~tactically~*~*~ (hiding).
 10051 | Lair:2   | 10051 ||| Stepping ~*~*~tactically~*~*~ (hiding).
 10058 | Lair:2   | Found a staircase to the Snake Pit.
 10277 | Lair:2   | 10277 ||| Stepping ~*~*~tactically~*~*~ (hiding).
 10280 | Lair:2   | 10280 ||| Stepping ~*~*~tactically~*~*~ (hiding).
 10282 | Lair:2   | 10282 ||| INVOKING Heroism.
 10441 | Lair:2   | 10441 ||| UPGRADING to +1 kite shield of Ifecs {SInv}.
 10451 | Lair:2   | 10451 ||| DROPPING +0 kite shield.
 10452 | Lair:2   | 10452 ||| READING 2 scrolls of identify.
 10452 | Lair:2   | 10452 ||| IDENTIFYING murky grey potion
 10529 | Lair:3   | Noticed a five-headed hydra
 10530 | Lair:3   | 10530 ||| INVOKING Heroism.
 10534 | Lair:3   | 10534 ||| SWAPPING to +1 hand axe of flaming.
 10543 | Lair:3   | Killed a one-headed hydra
 10544 | Lair:3   | 10544 ||| SWAPPING to +1 vampiric war axe.
 10602 | Lair:3   | 10602 ||| INVOKING Heroism.
 10602 | Lair:3   | Noticed a skyshark
 10611 | Lair:3   | Reached skill level 12 in Axes
 10618 | Lair:3   | Killed a skyshark
 10637 | Lair:3   | Reached skill level 9 in Armour
 11183 | Lair:3   | 11183 ||| INVOKING Heroism.
 11205 | Lair:3   | Found a staircase to the Swamp.
 11213 | Lair:3   | Reached skill level 3 in Throwing
 11339 | Lair:3   | 11339 ||| DROPPING amulet of magic regeneration.
 11417 | Lair:4   | 11417 ||| INVOKING Heroism.
 11598 | Lair:4   | Reached XP level 13. HP: 80/80 MP: 20/20
 11691 | Lair:4   | 11691 ||| INVOKING Heroism.
 11739 | Lair:4   | 11739 ||| INVOKING Heroism.
 11936 | Lair:4   | 11936 ||| Stepping ~*~*~tactically~*~*~ (water).
 11941 | Lair:4   | 11941 ||| DROPPING amulet of guardian spirit.
 11977 | Lair:4   | 11977 ||| UPGRADING to amulet of regeneration.
 11983 | Lair:4   | 11983 ||| DROPPING ring of see invisible.
 12007 | Lair:4   | Reached skill level 10 in Fighting
 12215 | Lair:4   | 12215 ||| READING scroll of enchant weapon.
 12215 | Lair:4   | 12215 ||| ENCHANTING +1 vampiric war axe.
 12400 | Lair:4   | 12400 ||| UPGRADING to +4 ring of protection.
 12402 | Lair:4   | 12402 ||| DROPPING ring of willpower.
 12403 | Lair:4   | 12403 ||| READING scroll labelled APRUCI FINN.
 12407 | Lair:5   | Entered Level 5 of the Lair of Beasts
 12413 | Lair:5   | 12413 ||| Stepping ~*~*~tactically~*~*~ (stealth).
 12432 | Lair:5   | 12432 ||| Stepping ~*~*~tactically~*~*~ (stealth).
 12436 | Lair:5   | 12436 ||| INVOKING Heroism.
 12510 | Lair:5   | 12510 ||| INVOKING Heroism.
 12513 | Lair:5   | 12513 ||| SWAPPING to +1 hand axe of flaming.
 12525 | Lair:5   | 12525 ||| SWAPPING to +2 vampiric war axe.
 12578 | Lair:5   | 12578 ||| INVOKING Heroism.
 12596 | Lair:5   | 12596 ||| Stepping ~*~*~tactically~*~*~ (stealth).
 12598 | Lair:5   | 12598 ||| Stepping ~*~*~tactically~*~*~ (stealth).
 12599 | Lair:5   | 12599 ||| Stepping ~*~*~tactically~*~*~ (stealth).
 12601 | Lair:5   | 12601 ||| Stepping ~*~*~tactically~*~*~ (stealth).
 12603 | Lair:5   | 12603 ||| Stepping ~*~*~tactically~*~*~ (stealth).
 12606 | Lair:5   | 12606 ||| Stepping ~*~*~tactically~*~*~ (hiding).
 12631 | Lair:5   | 12631 ||| Stepping ~*~*~tactically~*~*~ (stealth).
 12632 | Lair:5   | 12632 ||| Stepping ~*~*~tactically~*~*~ (stealth).
 12633 | Lair:5   | 12633 ||| Stepping ~*~*~tactically~*~*~ (stealth).
 12672 | Lair:5   | 12672 ||| Stepping ~*~*~tactically~*~*~ (stealth).
 12679 | Lair:5   | 12679 ||| Stepping ~*~*~tactically~*~*~ (stealth).
 12681 | Lair:5   | 12681 ||| INVOKING Heroism.
 12697 | Lair:5   | 12697 ||| Stepping ~*~*~tactically~*~*~ (stealth).
 12723 | Lair:5   | Received a gift from Okawaru
 12855 | Lair:5   | 12855 ||| INVOKING Heroism.
 12862 | Lair:5   | 12862 ||| Stepping ~*~*~tactically~*~*~ (stealth).
 12877 | Lair:5   | 12877 ||| Stepping ~*~*~tactically~*~*~ (stealth).
 12879 | Lair:5   | 12879 ||| INVOKING Heroism.
 12931 | Lair:5   | Found a runed translucent door.
 12932 | Lair:5   | Noticed an ice dragon
 12933 | Lair:5   | 12933 ||| INVOKING Heroism.
 12975 | Lair:5   | 12975 ||| INVOKING Heroism.
 13031 | Lair:5   | 13031 ||| FLEEEEING.
 13032 | Lair:5   | 13032 ||| FLEEEEING.
 13033 | Lair:5   | 13033 ||| FLEEEEING.
 13034 | Lair:5   | 13034 ||| FLEEEEING.
 13035 | Lair:5   | 13035 ||| FLEEEEING.
 13036 | Lair:5   | 13036 ||| FLEEEEING.
 13037 | Lair:5   | 13037 ||| FLEEEEING.
 13038 | Lair:5   | 13038 ||| FLEEEEING.
 13039 | Lair:5   | 13039 ||| FLEEEEING.
 13040 | Lair:5   | 13040 ||| FLEEEEING.
 13041 | Lair:5   | 13041 ||| FLEEEEING.
 13042 | Lair:5   | 13042 ||| INVOKING Heroism.
 13090 | Lair:5   | 13090 ||| FLEEEEING.
 13092 | Lair:5   | 13092 ||| Stepping ~*~*~tactically~*~*~ (stealth).
 13095 | Lair:5   | 13095 ||| INVOKING Heroism.
 13142 | Lair:5   | 13142 ||| Stepping ~*~*~tactically~*~*~ (hiding).
 13143 | Lair:5   | 13143 ||| Stepping ~*~*~tactically~*~*~ (hiding).
 13145 | Lair:5   | 13145 ||| Stepping ~*~*~tactically~*~*~ (hiding).
 13146 | Lair:5   | 13146 ||| Stepping ~*~*~tactically~*~*~ (hiding).
 13147 | Lair:5   | 13147 ||| INVOKING Heroism.
 13316 | Lair:5   | 13316 ||| INVOKING Heroism.
 13351 | Lair:5   | 13351 ||| Stepping ~*~*~tactically~*~*~ (stealth).
 13354 | Lair:5   | 13354 ||| Stepping ~*~*~tactically~*~*~ (stealth).
 13367 | Lair:5   | Received a gift from Okawaru
 13403 | Lair:5   | Gained mutation: Your large and strong wings let you fly.
                  | [Gargoyle growth]
 13403 | Lair:5   | Reached XP level 14. HP: 88/88 MP: 21/21
 13535 | Lair:5   | 13535 ||| READING scroll of enchant weapon.
 13535 | Lair:5   | 13535 ||| ENCHANTING +2 vampiric war axe.
 13632 | Lair:5   | 13632 ||| Stepping ~*~*~tactically~*~*~ (stealth).
 13636 | Lair:5   | 13636 ||| Stepping ~*~*~tactically~*~*~ (hiding).
 13639 | Lair:5   | 13639 ||| INVOKING Heroism.
 13657 | Lair:5   | 13657 ||| Stepping ~*~*~tactically~*~*~ (stealth).
 13659 | Lair:5   | 13659 ||| Stepping ~*~*~tactically~*~*~ (hiding).
 13676 | Lair:5   | 13676 ||| Stepping ~*~*~tactically~*~*~ (hiding).
 13829 | Lair:5   | 13829 ||| INVOKING Heroism.
 13833 | Lair:5   | 13833 ||| Stepping ~*~*~tactically~*~*~ (hiding).
 13866 | Lair:5   | Identified the +3 sling of Ogoefes {flame, rC+}
 13999 | Lair:5   | Found a viscous altar of Jiyva.
 14001 | Lair:5   | 14001 ||| INVOKING Heroism.
 14002 | Lair:5   | Found a staircase to the Slime Pits.
 14133 | Lair:5   | 14133 ||| DROPPING scarf of shadows.
 14134 | Lair:5   | 14134 ||| PLANNING D:1-11
 14262 | D:10     | Entered Level 10 of the Dungeon
 14278 | D:10     | Reached skill level 11 in Fighting
 14362 | D:10     | 14362 ||| Stepping ~*~*~tactically~*~*~ (hiding).
 14432 | D:10     | 14432 ||| Stepping ~*~*~tactically~*~*~ (hiding).
 14457 | D:10     | 14457 ||| READING scroll of enchant armour.
 14457 | D:10     | 14457 ||| ENCHANTING +0 pair of boots.
 14487 | D:10     | Received a gift from Okawaru
 14544 | D:10     | 14544 ||| Stepping ~*~*~tactically~*~*~ (hiding).
 14560 | D:10     | 14560 ||| INVOKING Heroism.
 14722 | D:10     | Noticed Maurice
 14728 | D:10     | 14728 ||| Stepping ~*~*~tactically~*~*~ (hiding).
 14746 | D:10     | Killed Maurice
 14747 | D:10     | Reached skill level 12 in Shields
 14753 | D:10     | Found a radiant altar of Vehumet.
 14754 | D:10     | Found Erobuimm's Tremendous Tomes.
 14825 | D:10     | Found a snail-covered altar of Cheibriados.
 15182 | D:11     | 15182 ||| Stepping ~*~*~tactically~*~*~ (stealth).
 15183 | D:11     | 15183 ||| Stepping ~*~*~tactically~*~*~ (stealth).
 15202 | D:11     | 15202 ||| Stepping ~*~*~tactically~*~*~ (stealth).
 15239 | D:11     | 15239 ||| Stepping ~*~*~tactically~*~*~ (stealth).
 15241 | D:11     | 15241 ||| Stepping ~*~*~tactically~*~*~ (hiding).
 15273 | D:11     | Received a gift from Okawaru
 15294 | D:11     | Identified the +5 ring mail of Elyvilon's Approval {Str+6}
 15516 | D:11     | 15516 ||| PLANNING D
 15568 | D:12     | 15568 ||| Stepping ~*~*~tactically~*~*~ (hiding).
 15573 | D:12     | 15573 ||| Stepping ~*~*~tactically~*~*~ (hiding).
 15588 | D:12     | 15588 ||| Stepping ~*~*~tactically~*~*~ (hiding).
 15660 | D:12     | Found a runed translucent door.
 15660 | D:12     | Found a runed translucent door.
 15686 | D:12     | Found a runed translucent door.
 15720 | D:12     | 15720 ||| Stepping ~*~*~tactically~*~*~ (hiding).
 15722 | D:12     | 15722 ||| Stepping ~*~*~tactically~*~*~ (hiding).
 15867 | D:12     | 15867 ||| Stepping ~*~*~tactically~*~*~ (stealth).
 15977 | D:12     | 15977 ||| INVOKING Heroism.
 16044 | D:12     | Received a gift from Okawaru
 16047 | D:12     | 16047 ||| INVOKING Heroism.
 16097 | D:12     | 16097 ||| INVOKING Heroism.
 16181 | D:12     | Received a gift from Okawaru
 16250 | D:12     | Reached skill level 15 in Axes
 16256 | D:12     | Found Velaoha's Antique Weapon Emporium.
 16269 | D:12     | 16269 ||| BUYING transparent war axe (229 gold).
 16269 | D:12     | Bought a transparent war axe for 229 gold pieces
 16269 | D:12     | Identified the +2 war axe of the Hero {flame, Str+2 Int+4}
                  | (You bought it in a shop on level 12 of the Dungeon)
 16269 | D:12     | 16269 ||| DROPPING +1 hand axe of flaming.
 16327 | D:12     | Found a staircase to the Orcish Mines.
 16917 | D:13     | 16917 ||| Stepping ~*~*~tactically~*~*~ (hiding).
 17062 | D:13     | Found a gate to the Vaults.
 17063 | D:13     | 17063 ||| Stepping ~*~*~tactically~*~*~ (stealth).
 17096 | D:13     | 17096 ||| INVOKING Heroism.
 17127 | D:13     | Received a gift from Okawaru
 17132 | D:13     | Reached skill level 3 in Dodging
 17546 | D:13     | 17546 ||| FLEEEEING.
 17547 | D:13     | 17547 ||| FLEEEEING.
 17548 | D:13     | 17548 ||| FLEEEEING.
 17555 | D:13     | 17555 ||| FLEEEEING.
 17556 | D:13     | 17556 ||| Stepping ~*~*~tactically~*~*~ (hiding).
 17557 | D:13     | 17557 ||| Stepping ~*~*~tactically~*~*~ (hiding).
 17571 | D:13     | 17571 ||| INVOKING Heroism.
 17575 | D:13     | Reached XP level 15. HP: 49/95 MP: 19/22
 17617 | D:13     | 17617 ||| DROPPING +0 broad axe.
 17747 | D:13     | 17747 ||| Stepping ~*~*~tactically~*~*~ (hiding).
 17994 | D:14     | Reached skill level 12 in Fighting
 18021 | D:14     | 18021 ||| Stepping ~*~*~tactically~*~*~ (hiding).
 18079 | D:14     | 18079 ||| READING scroll of enchant armour.
 18079 | D:14     | 18079 ||| ENCHANTING +1 pair of boots.
 18083 | D:14     | Identified the ring of Oxtoagar {rN+ MP+9 Str-4 SInv}
 18187 | D:14     | 18187 ||| DROPPING ring of positive energy.
 18188 | D:14     | 18188 ||| DROPPING ring of Oxtoagar {rN+ MP+9 Str-4 SInv}.
 18232 | D:14     | 18232 ||| Stepping ~*~*~tactically~*~*~ (hiding).
 18291 | D:14     | 18291 ||| Stepping ~*~*~tactically~*~*~ (hiding).
 18484 | D:14     | Found a shimmering blue altar of Sif Muna.
 18493 | D:14     | 18493 ||| DRINKING 9 potions of curing.
 18493 | D:14     | 18493 ||| (to cure confusion)
 18501 | D:14     | 18501 ||| Stepping ~*~*~tactically~*~*~ (cloud).
 18534 | D:14     | Received a gift from Okawaru
 18541 | D:14     | 18541 ||| INVOKING Heroism.
 18584 | D:14     | Received a gift from Okawaru
 18761 | D:14     | 18761 ||| INVOKING Heroism.
 18765 | D:14     | 18765 ||| SWAPPING to +2 war axe of the Hero {flame, Str+2
                  | Int+4}.
 18769 | D:14     | 18769 ||| SWAPPING to +3 vampiric war axe.
 18791 | D:14     | 18791 ||| Stepping ~*~*~tactically~*~*~ (stealth).
 18792 | D:14     | 18792 ||| Stepping ~*~*~tactically~*~*~ (stealth).
 18794 | D:14     | 18794 ||| Stepping ~*~*~tactically~*~*~ (hiding).
 18803 | D:14     | 18803 ||| INVOKING Heroism.
 18895 | D:14     | 18895 ||| Stepping ~*~*~tactically~*~*~ (hiding).
 19092 | D:14     | 19092 ||| Stepping ~*~*~tactically~*~*~ (stealth).
 19257 | D:14     | 19257 ||| Stepping ~*~*~tactically~*~*~ (stealth).
 19260 | D:14     | 19260 ||| Stepping ~*~*~tactically~*~*~ (stealth).
 19515 | D:14     | 19515 ||| READING 14 scrolls of identify.
 19515 | D:14     | 19515 ||| IDENTIFYING fizzy silvery potion
 19540 | D:15     | Entered Level 15 of the Dungeon
 19561 | D:15     | 19561 ||| INVOKING Heroism.
 19586 | D:15     | 19586 ||| Stepping ~*~*~tactically~*~*~ (hiding).
 19606 | D:15     | Paralysed by an ogre mage for 4 turns
 19611 | D:15     | 19611 ||| INVOKING Heroism.
 19666 | D:15     | 19666 ||| FLEEEEING.
 19667 | D:15     | 19667 ||| FLEEEEING.
 19668 | D:15     | 19668 ||| FLEEEEING.
 19670 | D:15     | 19670 ||| FLEEEEING.
 19671 | D:15     | 19671 ||| FLEEEEING.
 19672 | D:15     | 19672 ||| FLEEEEING.
 19673 | D:15     | 19673 ||| FLEEEEING.
 19674 | D:15     | 19674 ||| FLEEEEING.
 19676 | D:15     | 19676 ||| FLEEEEING.
 19742 | D:15     | Found a sparkling altar of Nemelex Xobeh.
 19744 | D:15     | 19744 ||| Stepping ~*~*~tactically~*~*~ (hiding).
 19747 | D:15     | 19747 ||| INVOKING Heroism.
 19792 | D:15     | Reached skill level 13 in Fighting
 19995 | D:15     | Identified the +2 robe "Juorch" {rElec rC- rN+ Int+7}
 20001 | D:15     | 20001 ||| INVOKING Heroism.
 20097 | D:15     | Reached skill level 12 in Armour
 20116 | D:15     | 20116 ||| INVOKING Heroism.
 20153 | D:15     | Reached XP level 16. HP: 104/104 MP: 23/23
 20171 | D:15     | Identified the +22 crystal plate armour of Valour {rPois
                  | Str+2} (Okawaru gifted it to you on level 15 of the
                  | Dungeon)
 20171 | D:15     | Received a gift from Okawaru
 20192 | D:15     | Reached skill level 6 in Throwing
 20275 | D:15     | 20275 ||| Stepping ~*~*~tactically~*~*~ (hiding).
 20276 | D:15     | 20276 ||| INVOKING Heroism.
 20306 | D:15     | Found a staircase to the Depths.
 20449 | D:15     | 20449 ||| PLANNING ORC
 20449 | D:15     | 20449 ||| DROPPING +0 acid dragon scales.
 20450 | D:15     | 20450 ||| UPGRADING to +22 crystal plate armour of Valour
                  | {rPois Str+2}.
 20460 | D:15     | 20460 ||| DROPPING +5 plate armour "Faqaer" {Rampage}.
 20562 | Orc:1    | Entered Level 1 of the Orcish Mines
 20562 | Orc:1    | Found Japukirch's Jewellery Shoppe.
 20563 | Orc:1    | 20563 ||| INVOKING Heroism.
 20564 | Orc:1    | 20564 ||| INVOKING Finesse.
 20619 | Orc:1    | 20619 ||| BUYING amulet of reflection (480 gold).
 20619 | Orc:1    | Bought an amulet of reflection for 480 gold pieces
 20619 | Orc:1    | 20619 ||| BUYING ring of resist corrosion (320 gold).
 20619 | Orc:1    | Bought a ring of resist corrosion for 320 gold pieces
 20779 | Orc:1    | 20779 ||| UPGRADING to amulet of reflection.
 20789 | Orc:1    | 20789 ||| DROPPING amulet of regeneration.
 20803 | Orc:2    | Entered Level 2 of the Orcish Mines
 20814 | Orc:2    | 20814 ||| DRINKING 12 potions of curing.
 20814 | Orc:2    | 20814 ||| (to cure confusion)
 20830 | Orc:2    | Found Xiuz's Assorted Antiques.
 20834 | Orc:2    | 20834 ||| Stepping ~*~*~tactically~*~*~ (hiding).
 20859 | Orc:1    | 20859 ||| INVOKING Heroism.
 21132 | Orc:2    | 21132 ||| BUYING potion of curing (75 gold).
 21132 | Orc:2    | Bought a potion of curing for 75 gold pieces
 21132 | Orc:2    | 21132 ||| BUYING scroll of teleportation (75 gold).
 21132 | Orc:2    | Bought a scroll of teleportation for 75 gold pieces
 21222 | Orc:2    | Found a staircase to the Elven Halls.
 21225 | Orc:2    | 21225 ||| INVOKING Heroism.
 21225 | Orc:2    | Noticed Jorgrun
 21243 | Orc:2    | Killed Jorgrun
 21364 | Orc:2    | 21364 ||| Stepping ~*~*~tactically~*~*~ (hiding).
 21365 | Orc:2    | 21365 ||| Stepping ~*~*~tactically~*~*~ (hiding).
 21372 | Orc:2    | 21372 ||| INVOKING Heroism.
 21377 | Orc:2    | Paralysed by an orc sorcerer for 4 turns
 21431 | Orc:2    | 21431 ||| INVOKING Heroism.
 21477 | Orc:2    | 21477 ||| Stepping ~*~*~tactically~*~*~ (hiding).
 21480 | Orc:2    | Found Pounuron's Book Emporium.
 21480 | Orc:2    | Found Helelyw's Antique Weapon Shoppe.
 21480 | Orc:2    | Found Funiaqeox's Antique Armour Shoppe.
 21589 | Orc:2    | Found Koclos's General Store.
 21593 | Orc:2    | 21593 ||| Stepping ~*~*~tactically~*~*~ (stealth).
 21594 | Orc:2    | 21594 ||| BUYING potion of might (60 gold).
 21594 | Orc:2    | Bought a potion of might for 60 gold pieces
 21599 | Orc:2    | 21599 ||| BUYING glowing broad axe (224 gold).
 21599 | Orc:2    | Bought a glowing broad axe for 224 gold pieces
 21599 | Orc:2    | 21599 ||| DROPPING +1 broad axe of freezing.
 21739 | Orc:2    | 21739 ||| PLANNING SNAKE:1-3
 21906 | Snake:1  | Entered Level 1 of the Snake Pit
 21996 | Snake:1  | 21996 ||| Stepping ~*~*~tactically~*~*~ (hiding).
 22055 | Snake:1  | 22055 ||| Stepping ~*~*~tactically~*~*~ (stealth).
 22056 | Snake:1  | 22056 ||| Stepping ~*~*~tactically~*~*~ (stealth).
 22057 | Snake:1  | 22057 ||| Stepping ~*~*~tactically~*~*~ (stealth).
 22072 | Snake:1  | 22072 ||| INVOKING Heroism.
 22181 | Snake:1  | 22181 ||| Stepping ~*~*~tactically~*~*~ (hiding).
 22247 | Snake:1  | Received a gift from Okawaru
 22351 | Snake:1  | 22351 ||| Stepping ~*~*~tactically~*~*~ (hiding).
 22575 | Snake:1  | 22575 ||| Stepping ~*~*~tactically~*~*~ (hiding).
 22576 | Snake:1  | 22576 ||| INVOKING Heroism.
 22678 | Snake:1  | 22678 ||| READING scroll labelled KIRO JYUHINUCS.
 22848 | Snake:2  | Reached skill level 15 in Armour
 22990 | Snake:2  | 22990 ||| Stepping ~*~*~tactically~*~*~ (hiding).
 22991 | Snake:2  | 22991 ||| Stepping ~*~*~tactically~*~*~ (hiding).
 22997 | Snake:2  | 22997 ||| Stepping ~*~*~tactically~*~*~ (hiding).
 22998 | Snake:2  | 22998 ||| Stepping ~*~*~tactically~*~*~ (hiding).
 23124 | Snake:2  | Identified the +4 ring mail of Yrerr {rC++ Str-3 Dex+5
                  | SInv}
 23127 | Snake:2  | 23127 ||| Stepping ~*~*~tactically~*~*~ (hiding).
 23235 | Snake:2  | 23235 ||| Stepping ~*~*~tactically~*~*~ (hiding).
 23247 | Snake:2  | 23247 ||| Stepping ~*~*~tactically~*~*~ (hiding).
 23248 | Snake:2  | 23248 ||| Stepping ~*~*~tactically~*~*~ (hiding).
 23254 | Snake:2  | 23254 ||| Stepping ~*~*~tactically~*~*~ (stealth).
 23328 | Snake:2  | 23328 ||| Stepping ~*~*~tactically~*~*~ (hiding).
 23329 | Snake:2  | 23329 ||| Stepping ~*~*~tactically~*~*~ (hiding).
 23349 | Snake:2  | 23349 ||| Stepping ~*~*~tactically~*~*~ (hiding).
 23350 | Snake:2  | 23350 ||| Stepping ~*~*~tactically~*~*~ (hiding).
 23352 | Snake:2  | 23352 ||| Stepping ~*~*~tactically~*~*~ (hiding).
 23354 | Snake:2  | 23354 ||| Stepping ~*~*~tactically~*~*~ (hiding).
 23362 | Snake:2  | 23362 ||| INVOKING Heroism.
 23597 | Snake:2  | 23597 ||| READING scroll of enchant armour.
 23597 | Snake:2  | 23597 ||| ENCHANTING +0 cloak.
 23654 | Snake:2  | Found a runed translucent gate.
 23654 | Snake:2  | Found a runed translucent gate.
 23654 | Snake:2  | Found a runed translucent gate.
 23655 | Snake:2  | Noticed qw's ghost (adept NaHu)
 23656 | Snake:2  | Noticed qw's ghost (adept GrFi)
 23752 | Snake:2  | Found an iron altar of Okawaru.
 23778 | Snake:2  | Reached XP level 17. HP: 108/108 MP: 24/24
 24274 | Snake:2  | 24274 ||| Stepping randomly (stuck).
 24314 | Snake:3  | Received a gift from Okawaru
 24404 | Snake:3  | 24404 ||| INVOKING Heroism.
 24497 | Snake:3  | 24497 ||| Stepping ~*~*~tactically~*~*~ (hiding).
 24498 | Snake:3  | 24498 ||| INVOKING Heroism.
 24505 | Snake:3  | Received a gift from Okawaru
 24547 | Snake:3  | 24547 ||| Stepping ~*~*~tactically~*~*~ (hiding).
 24768 | Snake:3  | 24768 ||| Stepping ~*~*~tactically~*~*~ (hiding).
 24769 | Snake:3  | 24769 ||| Stepping ~*~*~tactically~*~*~ (hiding).
 24770 | Snake:3  | 24770 ||| Stepping ~*~*~tactically~*~*~ (hiding).
 24775 | Snake:3  | 24775 ||| INVOKING Heroism.
 24783 | Snake:3  | Reached skill level 14 in Fighting
 24975 | Snake:3  | 24975 ||| Stepping ~*~*~tactically~*~*~ (hiding).
 24976 | Snake:3  | 24976 ||| Stepping ~*~*~tactically~*~*~ (hiding).
 24978 | Snake:3  | 24978 ||| Stepping ~*~*~tactically~*~*~ (hiding).
 24991 | Snake:3  | 24991 ||| Stepping ~*~*~tactically~*~*~ (hiding).
 24994 | Snake:3  | 24994 ||| Stepping ~*~*~tactically~*~*~ (hiding).
 25022 | Snake:3  | Received a gift from Okawaru
 25088 | Snake:3  | 25088 ||| Stepping ~*~*~tactically~*~*~ (stealth).
 25090 | Snake:3  | 25090 ||| Stepping ~*~*~tactically~*~*~ (hiding).
 25095 | Snake:3  | 25095 ||| INVOKING Heroism.
 25170 | Snake:3  | 25170 ||| Stepping ~*~*~tactically~*~*~ (hiding).
 25181 | Snake:3  | 25181 ||| INVOKING Heroism.
 25197 | Snake:3  | Received a gift from Okawaru
 25678 | Snake:3  | 25678 ||| PLANNING SWAMP:1-3
 25823 | Swamp:1  | Entered Level 1 of the Swamp
 25823 | Swamp:1  | Noticed Kirke
 25824 | Swamp:1  | 25824 ||| INVOKING Heroism.
 25829 | Swamp:1  | 25829 ||| SWAPPING to +2 war axe of the Hero {flame, Str+2
                  | Int+4}.
 25833 | Swamp:1  | Noticed a sphinx
 25841 | Swamp:1  | 25841 ||| STAIRDANCE
 25843 | Lair:3   | 25843 ||| DRINKING 4 potions of cancellation.
 25845 | Lair:3   | Killed Kirke
 25845 | Lair:3   | Received a gift from Okawaru
 25852 | Lair:3   | 25852 ||| SWAPPING to +3 vampiric war axe.
 26023 | Swamp:1  | 26023 ||| INVOKING Heroism.
 26026 | Swamp:1  | 26026 ||| SWAPPING to +2 war axe of the Hero {flame, Str+2
                  | Int+4}.
 26029 | Swamp:1  | 26029 ||| SWAPPING to +3 vampiric war axe.
 26071 | Swamp:1  | 26071 ||| Stepping ~*~*~tactically~*~*~ (stealth).
 26086 | Swamp:1  | 26086 ||| Stepping ~*~*~tactically~*~*~ (hiding).
 26089 | Swamp:1  | 26089 ||| Stepping ~*~*~tactically~*~*~ (hiding).
 26090 | Swamp:1  | 26090 ||| Stepping ~*~*~tactically~*~*~ (hiding).
 26091 | Swamp:1  | 26091 ||| Stepping ~*~*~tactically~*~*~ (hiding).
 26109 | Swamp:1  | 26109 ||| INVOKING Heroism.
 26113 | Swamp:1  | 26113 ||| SWAPPING to +2 war axe of the Hero {flame, Str+2
                  | Int+4}.
 26117 | Swamp:1  | 26117 ||| SWAPPING to +3 vampiric war axe.
 26134 | Swamp:1  | Paralysed by a fenstrider witch for 3 turns
 26210 | Swamp:1  | 26210 ||| Stepping ~*~*~tactically~*~*~ (stealth).
 26225 | Swamp:1  | Received a gift from Okawaru
 26234 | Swamp:1  | 26234 ||| Stepping ~*~*~tactically~*~*~ (stealth).
 26235 | Swamp:1  | 26235 ||| INVOKING Heroism.
 26250 | Swamp:1  | 26250 ||| Stepping ~*~*~tactically~*~*~ (cloud).
 26282 | Swamp:1  | 26282 ||| Stepping ~*~*~tactically~*~*~ (stealth).
 26290 | Swamp:1  | 26290 ||| Stepping ~*~*~tactically~*~*~ (stealth).
 26326 | Swamp:1  | 26326 ||| Stepping ~*~*~tactically~*~*~ (stealth).
 26328 | Swamp:1  | 26328 ||| Stepping ~*~*~tactically~*~*~ (hiding).
 26492 | Swamp:1  | 26492 ||| Stepping ~*~*~tactically~*~*~ (hiding).
 26603 | Swamp:1  | 26603 ||| Stepping ~*~*~tactically~*~*~ (hiding).
 26604 | Swamp:1  | 26604 ||| Stepping ~*~*~tactically~*~*~ (hiding).
 26605 | Swamp:1  | 26605 ||| INVOKING Heroism.
 26616 | Swamp:1  | 26616 ||| Stepping ~*~*~tactically~*~*~ (hiding).
 26617 | Swamp:1  | 26617 ||| Stepping ~*~*~tactically~*~*~ (hiding).
 26800 | Swamp:1  | 26800 ||| Stepping ~*~*~tactically~*~*~ (stealth).
 26801 | Swamp:1  | 26801 ||| Stepping ~*~*~tactically~*~*~ (stealth).
 26892 | Swamp:1  | 26892 ||| Stepping ~*~*~tactically~*~*~ (hiding).
 27037 | Swamp:1  | 27037 ||| INVOKING Heroism.
 27060 | Swamp:1  | 27060 ||| INVOKING Heroism.
 27154 | Swamp:1  | 27154 ||| UPGRADING to +1 helmet.
 27267 | Swamp:2  | 27267 ||| Stepping ~*~*~tactically~*~*~ (stealth).
 27280 | Swamp:2  | 27280 ||| Stepping ~*~*~tactically~*~*~ (stealth).
 27281 | Swamp:2  | 27281 ||| Stepping ~*~*~tactically~*~*~ (stealth).
 27290 | Swamp:2  | 27290 ||| Stepping ~*~*~tactically~*~*~ (stealth).
 27417 | Swamp:2  | 27417 ||| Stepping ~*~*~tactically~*~*~ (hiding).
 27530 | Swamp:2  | 27530 ||| SWAPPING to +2 war axe of the Hero {flame, Str+2
                  | Int+4}.
 27537 | Swamp:2  | 27537 ||| SWAPPING to +3 vampiric war axe.
 27549 | Swamp:2  | Reached skill level 15 in Fighting
 27549 | Swamp:2  | 27549 ||| Stepping ~*~*~tactically~*~*~ (cloud).
 27651 | Swamp:2  | 27651 ||| Stepping ~*~*~tactically~*~*~ (stealth).
 27760 | Swamp:2  | 27760 ||| Stepping ~*~*~tactically~*~*~ (hiding).
 27761 | Swamp:2  | 27761 ||| Stepping ~*~*~tactically~*~*~ (hiding).
 27769 | Swamp:2  | 27769 ||| Stepping ~*~*~tactically~*~*~ (cloud).
 27779 | Swamp:2  | 27779 ||| READING scroll of enchant weapon.
 27779 | Swamp:2  | 27779 ||| ENCHANTING +3 vampiric war axe.
 27831 | Swamp:2  | You are sucked into a shaft and drop 1 floor!
 27832 | Swamp:3  | 27832 ||| INVOKING Heroism.
 27873 | Swamp:3  | 27873 ||| INVOKING Heroism.
 28103 | Swamp:3  | 28103 ||| INVOKING Heroism.
 28104 | Swamp:3  | 28104 ||| SWAPPING to +2 war axe of the Hero {flame, Str+2
                  | Int+4}.
 28108 | Swamp:3  | 28108 ||| SWAPPING to +4 vampiric war axe.
 28110 | Swamp:3  | 28110 ||| Stepping ~*~*~tactically~*~*~ (stealth).
 28112 | Swamp:3  | Identified the +1 leather armour "Lerois" {Fly Str+3}
 28187 | Swamp:3  | 28187 ||| Stepping ~*~*~tactically~*~*~ (stealth).
 28203 | Swamp:3  | Reached XP level 18. HP: 119/119 MP: 25/25
 28203 | Swamp:3  | 28203 ||| DROPPING +2 war axe of the Hero {flame, Str+2
                  | Int+4}.
 28476 | Swamp:3  | 28476 ||| PLANNING SNAKE:4
 28476 | Swamp:3  | 28476 ||| READING scroll labelled WAIPYR TIMOWI.
 28685 | Snake:4  | Entered Level 4 of the Snake Pit
 28706 | Snake:4  | 28706 ||| Stepping ~*~*~tactically~*~*~ (stealth).
 28712 | Snake:4  | 28712 ||| Stepping ~*~*~tactically~*~*~ (hiding).
 28717 | Snake:4  | 28717 ||| Stepping ~*~*~tactically~*~*~ (stealth).
 28718 | Snake:4  | 28718 ||| INVOKING Heroism.
 28745 | Snake:4  | Reached skill level 18 in Armour
 28811 | Snake:4  | 28811 ||| Stepping ~*~*~tactically~*~*~ (hiding).
 28813 | Snake:4  | 28813 ||| Stepping ~*~*~tactically~*~*~ (hiding).
 28929 | Snake:4  | 28929 ||| Stepping ~*~*~tactically~*~*~ (hiding).
 28931 | Snake:4  | 28931 ||| Stepping ~*~*~tactically~*~*~ (hiding).
 28976 | Snake:4  | 28976 ||| Stepping ~*~*~tactically~*~*~ (hiding).
 28994 | Snake:4  | 28994 ||| Stepping ~*~*~tactically~*~*~ (hiding).
 29147 | Snake:4  | 29147 ||| Stepping ~*~*~tactically~*~*~ (hiding).
 29158 | Snake:4  | 29158 ||| Stepping ~*~*~tactically~*~*~ (hiding).
 29304 | Snake:4  | 29304 ||| Stepping ~*~*~tactically~*~*~ (hiding).
 29417 | Snake:4  | 29417 ||| Stepping ~*~*~tactically~*~*~ (hiding).
 29421 | Snake:4  | 29421 ||| INVOKING Heroism.
 29423 | Snake:4  | Noticed Vashnia
 29467 | Snake:4  | Reached skill level 9 in Throwing
 29467 | Snake:4  | Received a gift from Okawaru
 29471 | Snake:4  | 29471 ||| INVOKING Heroism.
 29521 | Snake:4  | 29521 ||| INVOKING Heroism.
 29526 | Snake:4  | Reached skill level 15 in Shields
 29542 | Snake:4  | Killed Vashnia
 29542 | Snake:4  | Received a gift from Okawaru
 29630 | Snake:4  | Got a serpentine rune of Zot
 29653 | Snake:4  | 29653 ||| INVOKING Heroism.
 29666 | Snake:4  | Received a gift from Okawaru
 29754 | Snake:4  | Found Hyreas's Jewellery Emporium.
 29755 | Snake:4  | Found Xodaqoce's Book Shop.
 29755 | Snake:4  | Found Upuagoti's Book Shop.
 29763 | Snake:4  | 29763 ||| BUYING ring of Ninuibit {rF+ SInv} (348 gold).
 29763 | Snake:4  | Bought the ring of Ninuibit {rF+ SInv} for 348 gold pieces
 29813 | Snake:4  | 29813 ||| PLANNING VAULTS:1-4
 29813 | Snake:4  | 29813 ||| DROPPING +1 kite shield of positive energy.
 30054 | Vaults:1 | Entered Level 1 of the Vaults
 30080 | Vaults:1 | 30080 ||| Stepping ~*~*~tactically~*~*~ (stealth).
 30098 | Vaults:1 | Reached skill level 16 in Fighting
 30151 | Vaults:1 | 30151 ||| DRINKING 14 potions of curing.
 30151 | Vaults:1 | 30151 ||| (to cure confusion)
 30197 | Vaults:1 | 30197 ||| FLEEEEING.
 30202 | Vaults:1 | 30202 ||| STAIRDANCE
 30308 | Vaults:1 | 30308 ||| INVOKING Finesse.
 30328 | Vaults:1 | Received a gift from Okawaru
 30332 | Vaults:1 | 30332 ||| INVOKING Heroism.
 30343 | Vaults:1 | 30343 ||| Stepping ~*~*~tactically~*~*~ (hiding).
 30344 | Vaults:1 | 30344 ||| Stepping ~*~*~tactically~*~*~ (hiding).
 30425 | Vaults:1 | 30425 ||| DROPPING +2 war axe of electrocution.
 30500 | Vaults:1 | 30500 ||| INVOKING Finesse.
 30526 | Vaults:1 | 30526 ||| Stepping ~*~*~tactically~*~*~ (hiding).
 30810 | Vaults:1 | Reached XP level 19. HP: 123/125 MP: 26/26
 30843 | Vaults:1 | 30843 ||| Stepping ~*~*~tactically~*~*~ (hiding).
 30966 | Vaults:1 | 30966 ||| INVOKING Heroism.
 30982 | Vaults:1 | Received a gift from Okawaru
 30983 | Vaults:1 | 30983 ||| DRINKING 13 potions of curing.
 30983 | Vaults:1 | 30983 ||| (to cure confusion)
 31146 | Vaults:1 | 31146 ||| INVOKING Heroism.
 31166 | Vaults:1 | Reached skill level 17 in Fighting
 31239 | Vaults:1 | 31239 ||| INVOKING Heroism.
 31240 | Vaults:1 | 31240 ||| INVOKING Finesse.
 31488 | Vaults:1 | 31488 ||| DRINKING 12 potions of curing.
 31488 | Vaults:1 | 31488 ||| (to cure confusion)
 31997 | Vaults:2 | 31997 ||| STAIRDANCE
 32029 | Vaults:2 | 32029 ||| Stepping ~*~*~tactically~*~*~ (hiding).
 32140 | Vaults:2 | 32140 ||| FLEEEEING.
 32141 | Vaults:2 | 32141 ||| FLEEEEING.
 32142 | Vaults:2 | 32142 ||| FLEEEEING.
 32148 | Vaults:2 | 32148 ||| FLEEEEING.
 32149 | Vaults:2 | 32149 ||| FLEEEEING.
 32150 | Vaults:2 | 32150 ||| FLEEEEING.
 32151 | Vaults:2 | 32151 ||| FLEEEEING.
 32152 | Vaults:2 | 32152 ||| FLEEEEING.
 32153 | Vaults:2 | 32153 ||| FLEEEEING.
 32154 | Vaults:2 | 32154 ||| FLEEEEING.
 32155 | Vaults:2 | 32155 ||| FLEEEEING.
 32229 | Vaults:2 | 32229 ||| FLEEEEING.
 32230 | Vaults:2 | 32230 ||| FLEEEEING.
 32250 | Vaults:2 | Received a gift from Okawaru
 32268 | Vaults:2 | 32268 ||| Stepping ~*~*~tactically~*~*~ (stealth).
 32318 | Vaults:2 | 32318 ||| FLEEEEING.
 32319 | Vaults:2 | 32319 ||| FLEEEEING.
 32320 | Vaults:2 | 32320 ||| FLEEEEING.
 32321 | Vaults:2 | 32321 ||| FLEEEEING.
 32322 | Vaults:2 | 32322 ||| FLEEEEING.
 32323 | Vaults:2 | 32323 ||| FLEEEEING.
 32324 | Vaults:2 | 32324 ||| FLEEEEING.
 32325 | Vaults:2 | 32325 ||| FLEEEEING.
 32326 | Vaults:2 | 32326 ||| FLEEEEING.
 32327 | Vaults:2 | 32327 ||| FLEEEEING.
 32328 | Vaults:2 | 32328 ||| FLEEEEING.
 32329 | Vaults:2 | 32329 ||| FLEEEEING.
 32390 | Vaults:2 | Received a gift from Okawaru
 32485 | Vaults:2 | 32485 ||| DROPPING +0 broad axe of electrocution.
 32554 | Vaults:2 | 32554 ||| Stepping ~*~*~tactically~*~*~ (hiding).
 32697 | Vaults:2 | 32697 ||| Stepping ~*~*~tactically~*~*~ (hiding).
 32704 | Vaults:2 | Identified the +2 helmet of the Tormentor {rC- rN++ Str+4}
                  | (Okawaru gifted it to you on level 2 of the Vaults)
 32704 | Vaults:2 | Received a gift from Okawaru
 33124 | Vaults:2 | You are sucked into a shaft and drop 2 floors!
 33125 | Vaults:4 | 33125 ||| PLANNING BAZAAR
 33173 | Vaults:4 | 33173 ||| Stepping ~*~*~tactically~*~*~ (stealth).
 33253 | Vaults:4 | 33253 ||| Stepping ~*~*~tactically~*~*~ (hiding).
 33254 | Vaults:4 | 33254 ||| Stepping ~*~*~tactically~*~*~ (hiding).
 33263 | Vaults:4 | 33263 ||| INVOKING Heroism.
 33434 | Vaults:4 | Identified the +3 short sword "Tuposm" {elec, rF- rN+
                  | Dex+3}
 33623 | Vaults:4 | Reached XP level 20. HP: 132/136 MP: 27/27
 33639 | Vaults:4 | Reached skill level 18 in Fighting
 33740 | Vaults:4 | Found a flickering gateway to a bazaar.
 33741 | Vaults:4 | 33741 ||| UPGRADING to +2 helmet of the Tormentor {rC- rN++
                  | Str+4}.
 33757 | Bazaar   | Entered a bazaar
 33792 | Bazaar   | Found Pelinisk's Assorted Antiques.
 33799 | Bazaar   | 33799 ||| BUYING scroll of enchant armour (127 gold).
 33799 | Bazaar   | Bought a scroll of enchant armour for 127 gold pieces
 33799 | Bazaar   | 33799 ||| BUYING scroll of teleportation (51 gold).
 33799 | Bazaar   | Bought a scroll of teleportation for 51 gold pieces
 33799 | Bazaar   | 33799 ||| READING scroll of enchant armour.
 33799 | Bazaar   | 33799 ||| ENCHANTING +1 cloak.
 33841 | Bazaar   | Found Obrae's Jewellery Emporium.
 33849 | Bazaar   | 33849 ||| BUYING +5 ring of evasion (324 gold).
 33849 | Bazaar   | Bought a +5 ring of evasion for 324 gold pieces
 33849 | Bazaar   | 33849 ||| BUYING amulet of faith (360 gold).
 33849 | Bazaar   | Bought an amulet of faith for 360 gold pieces
 33849 | Bazaar   | 33849 ||| BUYING ring "Pidaxuysed" {Wiz Contam rF+ rN++}
                  | (440 gold).
 33849 | Bazaar   | Bought the ring "Pidaxuysed" {Wiz Contam rF+ rN++} for 440
                  | gold pieces
 33906 | Bazaar   | Found Fozxasypt's Jewellery Emporium.
 33942 | Bazaar   | Found Qiuskum's Magic Scroll Boutique.
 33950 | Bazaar   | 33950 ||| BUYING scroll of brand weapon (104 gold).
 33950 | Bazaar   | Bought a scroll of brand weapon for 104 gold pieces
 33950 | Bazaar   | 33950 ||| BUYING scroll of teleportation (33 gold).
 33950 | Bazaar   | Bought a scroll of teleportation for 33 gold pieces
 33982 | Bazaar   | 33982 ||| UPGRADING to amulet of faith.
 33992 | Bazaar   | 33992 ||| DROPPING ring of protection from fire.
 33993 | Bazaar   | 33993 ||| UPGRADING to +5 ring of evasion.
 33995 | Bazaar   | 33995 ||| UPGRADING to +6 ring of strength.
 33997 | Bazaar   | 33997 ||| DROPPING +4 ring of protection.
 34030 | Vaults:4 | 34030 ||| PLANNING VAULTS:1-4
 34280 | Vaults:2 | 34280 ||| INVOKING Heroism.
 34312 | Vaults:2 | 34312 ||| Stepping ~*~*~tactically~*~*~ (stealth).
 34412 | Vaults:2 | 34412 ||| Stepping ~*~*~tactically~*~*~ (stealth).
 34497 | Vaults:2 | 34497 ||| Stepping ~*~*~tactically~*~*~ (stealth).
 34504 | Vaults:2 | 34504 ||| INVOKING Heroism.
 34536 | Vaults:2 | 34536 ||| Stepping ~*~*~tactically~*~*~ (hiding).
 35111 | Vaults:3 | 35111 ||| INVOKING Heroism.
 35208 | Vaults:3 | 35208 ||| READING scroll of enchant weapon.
 35208 | Vaults:3 | 35208 ||| ENCHANTING +4 vampiric war axe.
 35255 | Vaults:3 | 35255 ||| Stepping ~*~*~tactically~*~*~ (hiding).
 35266 | Vaults:3 | 35266 ||| INVOKING Heroism.
 35326 | Vaults:3 | 35326 ||| Stepping ~*~*~tactically~*~*~ (stealth).
 35347 | Vaults:3 | 35347 ||| INVOKING Heroism.
 35496 | Vaults:3 | Reached skill level 21 in Armour
 35497 | Vaults:3 | Noticed Mennas
 35498 | Vaults:3 | 35498 ||| INVOKING Heroism.
 35520 | Vaults:3 | 35520 ||| INVOKING Finesse.
 35521 | Vaults:3 | 35521 ||| DRINKING 13 potions of curing.
 35521 | Vaults:3 | 35521 ||| (to cure confusion)
 35532 | Vaults:3 | 35532 ||| DRINKING 12 potions of curing.
 35532 | Vaults:3 | 35532 ||| (to cure confusion)
 35543 | Vaults:3 | 35543 ||| DRINKING 11 potions of curing.
 35543 | Vaults:3 | 35543 ||| (to cure confusion)
 35568 | Vaults:3 | Killed Mennas
 35568 | Vaults:3 | Identified the +1 crystal plate armour "Xudess" {Harm
                  | rPois} (Okawaru gifted it to you on level 3 of the Vaults)
 35568 | Vaults:3 | Received a gift from Okawaru
 35722 | Vaults:3 | 35722 ||| Stepping ~*~*~tactically~*~*~ (stealth).
 35735 | Vaults:3 | 35735 ||| Stepping ~*~*~tactically~*~*~ (hiding).
 35793 | Vaults:3 | 35793 ||| Stepping ~*~*~tactically~*~*~ (hiding).
 35959 | Vaults:3 | 35959 ||| Stepping ~*~*~tactically~*~*~ (stealth).
 35962 | Vaults:3 | 35962 ||| Stepping ~*~*~tactically~*~*~ (stealth).
 35964 | Vaults:3 | 35964 ||| Stepping ~*~*~tactically~*~*~ (stealth).
 35966 | Vaults:3 | 35966 ||| Stepping ~*~*~tactically~*~*~ (stealth).
 36003 | Vaults:3 | 36003 ||| FLEEEEING.
 36013 | Vaults:3 | 36013 ||| FLEEEEING.
 36014 | Vaults:3 | 36014 ||| FLEEEEING.
 36015 | Vaults:3 | 36015 ||| FLEEEEING.
 36016 | Vaults:3 | 36016 ||| FLEEEEING.
 36017 | Vaults:3 | 36017 ||| FLEEEEING.
 36018 | Vaults:3 | 36018 ||| FLEEEEING.
 36028 | Vaults:3 | 36028 ||| FLEEEEING.
 36029 | Vaults:3 | 36029 ||| FLEEEEING.
 36030 | Vaults:3 | 36030 ||| FLEEEEING.
 36031 | Vaults:3 | 36031 ||| FLEEEEING.
 36032 | Vaults:3 | 36032 ||| FLEEEEING.
 36033 | Vaults:3 | 36033 ||| FLEEEEING.
 36034 | Vaults:3 | 36034 ||| FLEEEEING.
 36035 | Vaults:3 | 36035 ||| FLEEEEING.
 36036 | Vaults:3 | 36036 ||| FLEEEEING.
 36037 | Vaults:3 | 36037 ||| FLEEEEING.
 36038 | Vaults:3 | 36038 ||| FLEEEEING.
 36039 | Vaults:3 | 36039 ||| FLEEEEING.
 36040 | Vaults:3 | 36040 ||| FLEEEEING.
 36048 | Vaults:3 | 36048 ||| STAIRDANCE
 36150 | Vaults:2 | 36150 ||| UPGRADING to +0 tower shield.
 36160 | Vaults:2 | 36160 ||| DROPPING +1 kite shield of Ifecs {SInv}.
 36161 | Vaults:2 | 36161 ||| DROPPING +2 kite shield of positive energy.
 36162 | Vaults:2 | 36162 ||| UPGRADING to ring of Ninuibit {rF+ SInv}.
 36164 | Vaults:2 | 36164 ||| UPGRADING to +5 ring of evasion.
 36166 | Vaults:2 | 36166 ||| READING scroll labelled MUW SARYIGU.
 36219 | Vaults:3 | 36219 ||| Stepping ~*~*~tactically~*~*~ (stealth).
 36220 | Vaults:3 | 36220 ||| Stepping ~*~*~tactically~*~*~ (stealth).
 36222 | Vaults:3 | 36222 ||| Stepping ~*~*~tactically~*~*~ (stealth).
 36238 | Vaults:3 | 36238 ||| Stepping ~*~*~tactically~*~*~ (stealth).
 36249 | Vaults:3 | 36249 ||| INVOKING Heroism.
 36495 | Vaults:3 | 36495 ||| Stepping ~*~*~tactically~*~*~ (hiding).
 36521 | Vaults:3 | 36521 ||| FLEEEEING.
 36573 | Vaults:3 | 36573 ||| DRINKING 10 potions of curing.
 36573 | Vaults:3 | 36573 ||| (to cure confusion)
 36589 | Vaults:3 | 36589 ||| Stepping ~*~*~tactically~*~*~ (hiding).
 36771 | Vaults:3 | Found a staircase to the Crypt.
 36868 | Vaults:3 | 36868 ||| Stepping ~*~*~tactically~*~*~ (stealth).
 36869 | Vaults:3 | 36869 ||| Stepping ~*~*~tactically~*~*~ (stealth).
 36906 | Vaults:3 | 36906 ||| Stepping ~*~*~tactically~*~*~ (stealth).
 37100 | Vaults:4 | 37100 ||| Stepping ~*~*~tactically~*~*~ (hiding).
 37162 | Vaults:4 | 37162 ||| Stepping ~*~*~tactically~*~*~ (stealth).
 37180 | Vaults:4 | 37180 ||| INVOKING Heroism.
 37186 | Vaults:4 | Received a gift from Okawaru
 37193 | Vaults:4 | 37193 ||| Stepping ~*~*~tactically~*~*~ (hiding).
 37198 | Vaults:4 | 37198 ||| Stepping ~*~*~tactically~*~*~ (hiding).
 37199 | Vaults:4 | 37199 ||| Stepping ~*~*~tactically~*~*~ (hiding).
 37213 | Vaults:4 | 37213 ||| INVOKING Finesse.
 37219 | Vaults:4 | 37219 ||| Stepping ~*~*~tactically~*~*~ (hiding).
 37232 | Vaults:4 | 37232 ||| INVOKING Heroism.
 37242 | Vaults:4 | Received a gift from Okawaru
 37243 | Vaults:4 | Reached skill level 18 in Shields
 37264 | Vaults:4 | Reached XP level 21. HP: 142/142 MP: 24/28
 37272 | Vaults:4 | Received a gift from Okawaru
 37289 | Vaults:4 | Noticed an ancient lich
 37301 | Vaults:4 | Killed an ancient lich
 37625 | Vaults:4 | Noticed Mara
 37626 | Vaults:4 | Noticed qw's illusion
 37626 | Vaults:4 | 37626 ||| INVOKING Heroism.
 37627 | Vaults:4 | 37627 ||| INVOKING Finesse.
 37680 | Vaults:4 | Killed Mara
 37816 | Vaults:4 | 37816 ||| Stepping ~*~*~tactically~*~*~ (hiding).
 37849 | Vaults:4 | 37849 ||| Stepping ~*~*~tactically~*~*~ (stealth).
 37851 | Vaults:4 | 37851 ||| Stepping ~*~*~tactically~*~*~ (stealth).
 37854 | Vaults:4 | 37854 ||| Stepping ~*~*~tactically~*~*~ (stealth).
 38054 | Vaults:4 | 38054 ||| PLANNING SWAMP:4
 38378 | Swamp:4  | Entered Level 4 of the Swamp
 38427 | Swamp:4  | 38427 ||| Stepping ~*~*~tactically~*~*~ (hiding).
 38477 | Swamp:4  | 38477 ||| Stepping ~*~*~tactically~*~*~ (cloud).
 38511 | Swamp:4  | 38511 ||| Stepping ~*~*~tactically~*~*~ (stealth).
 38642 | Swamp:4  | Noticed the 27-headed Lernaean hydra
 38650 | Swamp:4  | 38650 ||| INVOKING Heroism.
 38654 | Swamp:4  | Received a gift from Okawaru
 38672 | Swamp:4  | Killed the 26-headed Lernaean hydra
 38744 | Swamp:4  | Got a decaying rune of Zot
 39042 | Swamp:4  | 39042 ||| PLANNING DEPTHS
 39350 | Depths:1 | Entered Level 1 of the Depths
 39384 | Depths:1 | 39384 ||| Stepping ~*~*~tactically~*~*~ (hiding).
 39390 | Depths:1 | Reached ****** piety under Okawaru
 39398 | Depths:1 | Received a gift from Okawaru
 39433 | Depths:1 | Noticed Saint Roka
 39466 | Depths:1 | Killed Saint Roka
 39533 | Depths:1 | Identified the -1 pair of gloves of Jecei {Dex+3}
 39546 | Depths:1 | 39546 ||| INVOKING Heroism.
 39846 | Abyss:2  | Cast into level 2 of the Abyss (a wizard)
 39880 | Abyss:2  | 39880 ||| Stepping ~*~*~tactically~*~*~ (stealth).
 39882 | Abyss:2  | Found a corrupted altar of Lugonu.
 39899 | Abyss:2  | 39899 ||| Stepping ~*~*~tactically~*~*~ (stealth).
 39969 | Abyss:2  | Found a corrupted altar of Lugonu.
 39992 | Abyss:2  | 39992 ||| Stepping ~*~*~tactically~*~*~ (stealth).
 40006 | Abyss:2  | 40006 ||| Stepping ~*~*~tactically~*~*~ (hiding).
 40007 | Abyss:2  | 40007 ||| Stepping ~*~*~tactically~*~*~ (hiding).
 40009 | Abyss:2  | 40009 ||| Stepping ~*~*~tactically~*~*~ (stealth).
 40010 | Abyss:2  | 40010 ||| Stepping ~*~*~tactically~*~*~ (stealth).
 40093 | Abyss:2  | 40093 ||| INVOKING Heroism.
 40124 | Abyss:2  | 40124 ||| Stepping ~*~*~tactically~*~*~ (stealth).
 40167 | Abyss:2  | 40167 ||| Stepping ~*~*~tactically~*~*~ (stealth).
 40172 | Abyss:2  | 40172 ||| Stepping ~*~*~tactically~*~*~ (stealth).
 40187 | Abyss:2  | 40187 ||| Stepping ~*~*~tactically~*~*~ (stealth).
 40269 | Abyss:2  | Noticed a bone dragon
 40288 | Depths:1 | Escaped the Abyss
 40315 | Depths:1 | Killed a bone dragon
 40326 | Depths:1 | Reached skill level 19 in Fighting
 40517 | Depths:1 | 40517 ||| Stepping ~*~*~tactically~*~*~ (stealth).
 40536 | Depths:1 | 40536 ||| Stepping ~*~*~tactically~*~*~ (stealth).
 40539 | Depths:1 | 40539 ||| Stepping ~*~*~tactically~*~*~ (hiding).
 40547 | Depths:1 | Identified the +7 demon blade of Paer {heavy, Will+}
 40548 | Depths:1 | 40548 ||| Stepping ~*~*~tactically~*~*~ (hiding).
 40562 | Depths:1 | Noticed Asterion
 40563 | Depths:1 | 40563 ||| INVOKING Heroism.
 40564 | Depths:1 | 40564 ||| INVOKING Finesse.
 40584 | Depths:1 | Killed Asterion
 40615 | Depths:1 | 40615 ||| Stepping ~*~*~tactically~*~*~ (stealth).
 40617 | Depths:1 | 40617 ||| Stepping ~*~*~tactically~*~*~ (stealth).
 40621 | Depths:1 | 40621 ||| Stepping ~*~*~tactically~*~*~ (stealth).
 40632 | Depths:1 | Received a gift from Okawaru
 40650 | Depths:1 | Found a gateway to Hell.
 40657 | Depths:1 | 40657 ||| INVOKING Finesse.
 40703 | Depths:1 | Reached XP level 22. HP: 149/149 MP: 27/29
 40720 | Depths:1 | Identified the +6 demon whip of Duty {heavy, Dex+5 SInv
                  | Stlth-}
 40721 | Depths:1 | Identified the +1 long sword of Locwungi {flame, rF- Str+5}
 40853 | Depths:1 | Identified the +1 leather armour of the Tick {rF+ Int+3
                  | Dex+2}
 41005 | Depths:1 | 41005 ||| DROPPING -1 pair of gloves of Jecei {Dex+3}.
 41006 | Depths:1 | 41006 ||| READING scroll labelled YXI GICEPHOTZA.
 41006 | Depths:1 | Identified a scroll of acquirement
 41006 | Depths:1 | 41006 ||| ACQUIRING 1088 gold pieces
 41006 | Depths:1 | Acquired 1088 gold pieces
 41055 | Depths:2 | 41055 ||| INVOKING Heroism.
 41083 | Depths:2 | Received a gift from Okawaru
 41132 | Depths:2 | Reached skill level 20 in Fighting
 41178 | Depths:2 | 41178 ||| Stepping ~*~*~tactically~*~*~ (stealth).
 41179 | Depths:2 | 41179 ||| Stepping ~*~*~tactically~*~*~ (stealth).
 41181 | Depths:2 | 41181 ||| INVOKING Heroism.
 41182 | Depths:2 | 41182 ||| INVOKING Finesse.
 41194 | Depths:2 | 41194 ||| DRINKING 9 potions of curing.
 41194 | Depths:2 | 41194 ||| (to cure confusion)
 41265 | Depths:2 | 41265 ||| Stepping ~*~*~tactically~*~*~ (hiding).
 41266 | Depths:2 | 41266 ||| Stepping ~*~*~tactically~*~*~ (hiding).
 41320 | Depths:2 | Noticed a juggernaut
 41321 | Depths:2 | 41321 ||| INVOKING Heroism.
 41322 | Depths:2 | 41322 ||| INVOKING Finesse.
 41337 | Depths:2 | Paralysed by a vampire knight for 2 turns
 41342 | Depths:2 | Killed a juggernaut
 41342 | Depths:2 | Received a gift from Okawaru
 41347 | Depths:2 | Reached skill level 21 in Shields
 41387 | Depths:2 | 41387 ||| Stepping ~*~*~tactically~*~*~ (cloud).
 41398 | Depths:2 | 41398 ||| INVOKING Heroism.
 41428 | Depths:2 | Received a gift from Okawaru
 41428 | Depths:2 | Found the +2 Maxwell's thermic engine {flame, freeze, rev}
 41439 | Depths:2 | Reached skill level 6 in Dodging
 41472 | Depths:2 | 41472 ||| INVOKING Heroism.
 41473 | Depths:2 | 41473 ||| INVOKING Finesse.
 41549 | Depths:2 | 41549 ||| Stepping ~*~*~tactically~*~*~ (stealth).
 41553 | Depths:2 | 41553 ||| INVOKING Heroism.
 41554 | Depths:2 | 41554 ||| INVOKING Finesse.
 41639 | Depths:2 | Identified the +3 long sword of the Enchanting Whale
                  | {freeze, rElec rC- Int+6 Dex-5}
 41758 | Depths:2 | 41758 ||| Stepping ~*~*~tactically~*~*~ (hiding).
 41760 | Depths:2 | 41760 ||| Stepping ~*~*~tactically~*~*~ (hiding).
 41761 | Depths:2 | 41761 ||| Stepping ~*~*~tactically~*~*~ (hiding).
 41771 | Depths:2 | 41771 ||| Stepping ~*~*~tactically~*~*~ (hiding).
 41772 | Depths:2 | 41772 ||| Stepping ~*~*~tactically~*~*~ (hiding).
 41846 | Depths:2 | 41846 ||| INVOKING Heroism.
 41847 | Depths:2 | 41847 ||| INVOKING Finesse.
 42026 | Depths:2 | Found a one-way gate leading to the halls of Pandemonium.
 42144 | Depths:2 | 42144 ||| INVOKING Heroism.
 42208 | Depths:2 | 42208 ||| INVOKING Heroism.
 42327 | Depths:2 | 42327 ||| INVOKING Heroism.
 42335 | Depths:2 | Reached skill level 21 in Fighting
 42509 | Depths:3 | Found a blossoming altar of Fedhas.
 42512 | Depths:3 | Noticed Parghit
 42513 | Depths:3 | 42513 ||| INVOKING Heroism.
 42559 | Depths:3 | 42559 ||| INVOKING Heroism.
 42593 | Depths:3 | 42593 ||| INVOKING Heroism.
 42644 | Depths:3 | 42644 ||| INVOKING Heroism.
 42730 | Depths:3 | 42730 ||| INVOKING Heroism.
 42788 | Depths:3 | 42788 ||| INVOKING Heroism.
 42819 | Depths:3 | 42819 ||| INVOKING Heroism.
 42876 | Depths:3 | 42876 ||| INVOKING Heroism.
 42928 | Depths:3 | 42928 ||| INVOKING Heroism.
 43022 | Depths:3 | 43022 ||| INVOKING Heroism.
 43079 | Depths:3 | 43079 ||| INVOKING Heroism.
 43146 | Depths:3 | 43146 ||| INVOKING Heroism.
 43191 | Depths:3 | 43191 ||| INVOKING Heroism.
 43274 | Depths:3 | 43274 ||| INVOKING Heroism.
 43315 | Depths:3 | 43315 ||| INVOKING Heroism.
 43397 | Depths:3 | 43397 ||| INVOKING Heroism.
 43467 | Depths:3 | 43467 ||| INVOKING Heroism.
 43540 | Depths:3 | 43540 ||| INVOKING Heroism.
 43583 | Depths:3 | 43583 ||| INVOKING Heroism.
 43637 | Depths:3 | 43637 ||| INVOKING Heroism.
 44266 | Depths:3 | HP: 25/155 [Parghit (18)]
 44267 | Depths:3 | 44267 ||| READING 9 scrolls of teleportation.
 44268 | Depths:3 | 44268 ||| DRINKING 6 potions of heal wounds.
 44281 | Depths:3 | 44281 ||| INVOKING Heroism.
 44319 | Depths:3 | 44319 ||| DRINKING 8 potions of curing.
 44319 | Depths:3 | 44319 ||| (to cure confusion)
 44402 | Depths:3 | 44402 ||| Stepping ~*~*~tactically~*~*~ (hiding).
 44483 | Depths:3 | 44483 ||| INVOKING Heroism.
 44541 | Depths:3 | 44541 ||| INVOKING Heroism.
 44585 | Depths:3 | Found a one-way gate to the infinite horrors of the Abyss.
 44627 | Depths:3 | 44627 ||| INVOKING Heroism.
 44628 | Depths:3 | 44628 ||| Stepping ~*~*~tactically~*~*~ (hiding).
 44635 | Depths:3 | Paralysed by a sphinx for 5 turns
 44669 | Depths:3 | 44669 ||| INVOKING Heroism.
 44732 | Depths:3 | 44732 ||| INVOKING Heroism.
 44793 | Depths:3 | 44793 ||| INVOKING Heroism.
 44872 | Depths:3 | 44872 ||| INVOKING Heroism.
 44947 | Depths:3 | 44947 ||| INVOKING Heroism.
 45012 | Depths:3 | 45012 ||| INVOKING Heroism.
 45039 | Depths:3 | 45039 ||| INVOKING Heroism.
 45106 | Depths:3 | 45106 ||| INVOKING Heroism.
 45318 | Depths:3 | Reached skill level 22 in Fighting
 45318 | Depths:3 | Reached XP level 23. HP: 56/162 MP: 30/30
 45329 | Depths:3 | HP: 34/162 [Parghit (20)]
 45330 | Depths:3 | 45330 ||| READING 8 scrolls of teleportation.
 45330 | Depths:3 | HP: 13/162 [Parghit (16)]
 45331 | Depths:3 | 45331 ||| DRINKING 5 potions of heal wounds.
 45332 | Depths:3 | 45332 ||| DRINKING 4 potions of heal wounds.
 45633 | Depths:3 | 45633 ||| Stepping ~*~*~tactically~*~*~ (hiding).
 45634 | Depths:3 | 45634 ||| Stepping ~*~*~tactically~*~*~ (hiding).
 45635 | Depths:3 | 45635 ||| Stepping ~*~*~tactically~*~*~ (hiding).
 46245 | Depths:3 | HP: 37/162 [Parghit (13)]
 46246 | Depths:3 | 46246 ||| READING 7 scrolls of teleportation.
 46247 | Depths:3 | 46247 ||| DRINKING 3 potions of heal wounds.
 46671 | Depths:3 | 46671 ||| Stepping ~*~*~tactically~*~*~ (hiding).
 46673 | Depths:3 | 46673 ||| Stepping ~*~*~tactically~*~*~ (hiding).
 46674 | Depths:3 | 46674 ||| Stepping ~*~*~tactically~*~*~ (hiding).
 47052 | Depths:3 | HP: 27/162 [Parghit (14)]
 47053 | Depths:3 | 47053 ||| READING 6 scrolls of teleportation.
 47054 | Depths:3 | 47054 ||| DRINKING 2 potions of heal wounds.
 47055 | Depths:3 | 47055 ||| DRINKING potion of heal wounds.
 47271 | Depths:3 | Identified the +3 leather armour of Odos {rF+ Str+2 SInv}
 47288 | Depths:3 | 47288 ||| Stepping ~*~*~tactically~*~*~ (stealth).
 47289 | Depths:3 | 47289 ||| Stepping ~*~*~tactically~*~*~ (stealth).
 49395 | Depths:3 | HP: 37/162 [Parghit (18)]
 49396 | Depths:3 | 49396 ||| READING 5 scrolls of teleportation.
 49402 | Depths:3 | Found a one-way gateway to a ziggurat.
 49405 | Depths:3 | HP: 8/162 [Parghit/large rock (34)]
 49406 | Depths:3 | 49406 ||| READING 4 scrolls of teleportation.
 49770 | Depths:3 | 49770 ||| Stepping ~*~*~tactically~*~*~ (stealth).
 49773 | Depths:3 | Paralysed by a floating eye for 2 turns
 50399 | Depths:3 | HP: 40/162 [Parghit (18)]
 50399 | Depths:3 | HP: 19/162 [Parghit (21)]
 50400 | Depths:3 | 50400 ||| READING 3 scrolls of teleportation.
 50401 | Depths:3 | 50401 ||| DRINKING 2 potions of heal wounds.
 50402 | Depths:3 | 50402 ||| DRINKING potion of heal wounds.
 50766 | Depths:4 | Entered Level 4 of the Depths
 50777 | Depths:4 | 50777 ||| Stepping ~*~*~tactically~*~*~ (hiding).
 50865 | Depths:4 | Noticed Jory
 50902 | Depths:4 | Killed Jory
 51098 | Depths:4 | 51098 ||| FLEEEEING.
 51099 | Depths:4 | 51099 ||| FLEEEEING.
 51100 | Depths:4 | 51100 ||| FLEEEEING.
 51101 | Depths:4 | 51101 ||| FLEEEEING.
 51103 | Depths:4 | 51103 ||| FLEEEEING.
 51104 | Depths:4 | 51104 ||| FLEEEEING.
 51105 | Depths:4 | 51105 ||| FLEEEEING.
 51106 | Depths:4 | 51106 ||| FLEEEEING.
 51107 | Depths:4 | 51107 ||| FLEEEEING.
 51108 | Depths:4 | 51108 ||| FLEEEEING.
 51109 | Depths:4 | 51109 ||| FLEEEEING.
 51110 | Depths:4 | 51110 ||| FLEEEEING.
 51111 | Depths:4 | 51111 ||| FLEEEEING.
 51112 | Depths:4 | 51112 ||| FLEEEEING.
 51113 | Depths:4 | 51113 ||| FLEEEEING.
 51114 | Depths:4 | 51114 ||| FLEEEEING.
 51115 | Depths:4 | 51115 ||| FLEEEEING.
 51116 | Depths:4 | 51116 ||| FLEEEEING.
 51174 | Depths:4 | 51174 ||| Stepping ~*~*~tactically~*~*~ (stealth).
 51175 | Depths:4 | 51175 ||| FLEEEEING.
 51176 | Depths:4 | 51176 ||| FLEEEEING.
 51188 | Depths:4 | 51188 ||| INVOKING Heroism.
 51234 | Depths:4 | 51234 ||| INVOKING Heroism.
 51323 | Depths:4 | 51323 ||| DROPPING +4 broad axe.
 51345 | Depths:4 | 51345 ||| Stepping ~*~*~tactically~*~*~ (hiding).
 51346 | Depths:4 | 51346 ||| Stepping ~*~*~tactically~*~*~ (hiding).
 51347 | Depths:4 | 51347 ||| Stepping ~*~*~tactically~*~*~ (hiding).
 51373 | Depths:4 | 51373 ||| Stepping ~*~*~tactically~*~*~ (stealth).
 51375 | Depths:4 | 51375 ||| INVOKING Heroism.
 51586 | Depths:4 | 51586 ||| Stepping ~*~*~tactically~*~*~ (stealth).
 51588 | Depths:4 | 51588 ||| INVOKING Heroism.
 51675 | Depths:4 | 51675 ||| Stepping ~*~*~tactically~*~*~ (hiding).
 51726 | Depths:4 | 51726 ||| Stepping ~*~*~tactically~*~*~ (stealth).
 51793 | Depths:4 | 51793 ||| Stepping ~*~*~tactically~*~*~ (hiding).
 51849 | Depths:4 | 51849 ||| Stepping ~*~*~tactically~*~*~ (hiding).
 51914 | Depths:4 | 51914 ||| FLEEEEING.
 51915 | Depths:4 | 51915 ||| INVOKING Heroism.
 51931 | Depths:4 | 51931 ||| Stepping ~*~*~tactically~*~*~ (hiding).
 51953 | Depths:4 | Reached skill level 23 in Fighting
 51954 | Depths:4 | 51954 ||| Stepping ~*~*~tactically~*~*~ (hiding).
 51972 | Depths:4 | Found a gate to the Realm of Zot.
 51974 | Depths:4 | 51974 ||| INVOKING Heroism.
 52227 | Depths:4 | 52227 ||| PLANNING VAULTS:5
 52525 | Vaults:5 | Entered Level 5 of the Vaults
 52531 | Vaults:5 | 52531 ||| INVOKING Heroism.
 52535 | Vaults:5 | Received a gift from Okawaru
 52592 | Vaults:5 | 52592 ||| STAIRDANCE
 52594 | Vaults:4 | 52594 ||| INVOKING Heroism.
 52602 | Vaults:4 | Received a gift from Okawaru
 52721 | Vaults:5 | 52721 ||| INVOKING Heroism.
 52722 | Vaults:5 | Noticed an ancient lich
 52722 | Vaults:5 | Noticed an ancient lich
 52742 | Vaults:5 | Identified the ring "Qekhlym" {rF+ Will- EV+5 Stlth+}
 52745 | Vaults:5 | 52745 ||| STAIRDANCE
 52745 | Vaults:5 | Noticed Frederick
 52758 | Vaults:4 | Killed an ancient lich
 52758 | Vaults:4 | Received a gift from Okawaru
 52759 | Vaults:4 | 52759 ||| INVOKING Finesse.
 52772 | Vaults:4 | Killed an ancient lich
 52773 | Vaults:4 | Reached XP level 24. HP: 104/172 MP: 26/30
 52776 | Vaults:4 | Received a gift from Okawaru
 52927 | Vaults:5 | 52927 ||| INVOKING Heroism.
 52934 | Vaults:5 | Noticed Bai Suzhen
 52939 | Vaults:5 | 52939 ||| SWAPPING to +4 broad axe of flaming.
 52947 | Vaults:5 | Identified the +6 battleaxe of Guum {freeze, rF+ SInv}
 52950 | Vaults:5 | Killed Frederick
 52958 | Vaults:5 | 52958 ||| STAIRDANCE
 52960 | Vaults:4 | 52960 ||| SWAPPING to +5 vampiric war axe.
 52962 | Vaults:4 | 52962 ||| SWAPPING to +4 broad axe of flaming.
 52965 | Vaults:4 | 52965 ||| INVOKING Heroism.
 52970 | Vaults:4 | Killed Bai Suzhen
 52971 | Vaults:4 | 52971 ||| SWAPPING to +5 vampiric war axe.
 52972 | Vaults:4 | HP: 38/172 [tengu reaver/+1 war axe of holy wrath (10)]
 52973 | Vaults:4 | 52973 ||| READING 2 scrolls of teleportation.
 53319 | Vaults:5 | 53319 ||| STAIRDANCE
 53337 | Vaults:4 | 53337 ||| INVOKING Heroism.
 53489 | Vaults:5 | 53489 ||| STAIRDANCE
 53499 | Vaults:4 | Received a gift from Okawaru
 53515 | Vaults:5 | Reached skill level 12 in Throwing
 53528 | Vaults:5 | 53528 ||| STAIRDANCE
 53726 | Vaults:5 | Received a gift from Okawaru
 53727 | Vaults:5 | 53727 ||| INVOKING Heroism.
 53769 | Vaults:5 | 53769 ||| INVOKING Heroism.
 53832 | Vaults:5 | Identified the staff of the Land of Plenty {rF+ rC- rN+
                  | Stlth+ Fire Earth}
 53879 | Vaults:5 | 53879 ||| Stepping ~*~*~tactically~*~*~ (hiding).
 54053 | Vaults:5 | Identified the +8 arbalest of Peril {penet, rElec Str+3
                  | Int+2}
 54204 | Vaults:5 | 54204 ||| INVOKING Heroism.
 54218 | Vaults:5 | 54218 ||| INVOKING Heroism.
 54285 | Vaults:5 | 54285 ||| Stepping ~*~*~tactically~*~*~ (hiding).
 54286 | Vaults:5 | 54286 ||| Stepping ~*~*~tactically~*~*~ (hiding).
 54292 | Vaults:5 | 54292 ||| INVOKING Heroism.
 54318 | Vaults:5 | Identified the ring "Mibistryi" {Fire rPois Str+6 Dex-2}
 54329 | Vaults:5 | Identified the +2 helmet of Sin {Dex+5 Stlth-}
 54332 | Vaults:5 | Got a silver rune of Zot
 54458 | Vaults:5 | 54458 ||| Stepping ~*~*~tactically~*~*~ (hiding).
 54471 | Vaults:5 | 54471 ||| INVOKING Heroism.
 54501 | Vaults:5 | Reached skill level 24 in Fighting
 54528 | Vaults:5 | Received a gift from Okawaru
 54670 | Vaults:5 | 54670 ||| DROPPING +0 war axe of electrocution.
 54716 | Vaults:5 | Identified the +5 ring mail "Ridghoesi" {rElec rCorr Int+3}
 54718 | Vaults:5 | Identified the ring of the Traitor {Fly Will+ Int+3}
 54898 | Vaults:5 | 54898 ||| DROPPING +1 helmet.
 54899 | Vaults:5 | 54899 ||| PLANNING SHOPPING SPREE
 54899 | Vaults:5 | 54899 ||| UPGRADING to +1 cloak of willpower.
 54909 | Vaults:5 | 54909 ||| UPGRADING to +2 helmet of Sin {Dex+5 Stlth-}.
 54919 | Vaults:5 | 54919 ||| READING 2 scrolls of enchant armour.
 54919 | Vaults:5 | 54919 ||| ENCHANTING +1 cloak of willpower.
 54920 | Vaults:5 | 54920 ||| DROPPING +2 cloak.
 54921 | Vaults:5 | 54921 ||| DROPPING ring of ice.
 54922 | Vaults:5 | 54922 ||| DROPPING ring of the Traitor {Fly Will+ Int+3}.
 55256 | D:4      | 55256 ||| BUYING +2 vampiric war axe (270 gold).
 55256 | D:4      | Bought a +2 vampiric war axe for 270 gold pieces
 55256 | D:4      | 55256 ||| PLANNING ZOT:1-4
 55639 | Zot:1    | Entered Level 1 of the Realm of Zot
 55644 | Zot:1    | 55644 ||| STAIRDANCE
 55699 | Depths:4 | 55699 ||| UPGRADING to ring "Qekhlym" {rF+ Will- EV+5
                  | Stlth+}.
 55744 | Zot:1    | 55744 ||| INVOKING Heroism.
 55772 | Zot:1    | 55772 ||| Stepping ~*~*~tactically~*~*~ (hiding).
 55773 | Zot:1    | 55773 ||| Stepping ~*~*~tactically~*~*~ (hiding).
 55808 | Zot:1    | 55808 ||| Stepping ~*~*~tactically~*~*~ (stealth).
 55852 | Zot:1    | 55852 ||| Stepping ~*~*~tactically~*~*~ (hiding).
 55853 | Zot:1    | 55853 ||| Stepping ~*~*~tactically~*~*~ (hiding).
 55857 | Zot:1    | 55857 ||| INVOKING Heroism.
 55930 | Zot:1    | 55930 ||| Stepping ~*~*~tactically~*~*~ (stealth).
 55933 | Zot:1    | Received a gift from Okawaru
 55937 | Zot:1    | 55937 ||| INVOKING Heroism.
 56625 | Zot:2    | 56625 ||| INVOKING Heroism.
 56631 | Zot:2    | Received a gift from Okawaru
 56727 | Zot:2    | 56727 ||| INVOKING Heroism.
 56728 | Zot:2    | 56728 ||| Stepping ~*~*~tactically~*~*~ (hiding).
 56729 | Zot:2    | 56729 ||| Stepping ~*~*~tactically~*~*~ (hiding).
 56821 | Zot:2    | Reached skill level 9 in Dodging
 56900 | Zot:2    | 56900 ||| Stepping ~*~*~tactically~*~*~ (hiding).
 56902 | Zot:2    | 56902 ||| Stepping ~*~*~tactically~*~*~ (hiding).
 56903 | Zot:2    | 56903 ||| Stepping ~*~*~tactically~*~*~ (hiding).
 56925 | Zot:2    | 56925 ||| Stepping ~*~*~tactically~*~*~ (hiding).
 56930 | Zot:2    | 56930 ||| INVOKING Heroism.
 56979 | Zot:2    | Received a gift from Okawaru
 57100 | Zot:2    | Reached XP level 25. HP: 178/178 MP: 30/30
 57113 | Zot:2    | 57113 ||| Stepping ~*~*~tactically~*~*~ (hiding).
 57114 | Zot:2    | 57114 ||| INVOKING Heroism.
 57687 | Zot:2    | 57687 ||| INVOKING Heroism.
 57934 | Zot:3    | 57934 ||| INVOKING Heroism.
 57952 | Zot:3    | Received a gift from Okawaru
 57990 | Zot:3    | 57990 ||| INVOKING Heroism.
 58002 | Zot:3    | HP: 36/180 [yellow draconian/+1 heavy battleaxe[a green
                  | draconian monk] (18)]
 58003 | Zot:3    | 58003 ||| READING 3 scrolls of teleportation.
 58008 | Zot:3    | Received a gift from Okawaru
 58084 | Zot:3    | Received a gift from Okawaru
 58089 | Zot:3    | 58089 ||| INVOKING Heroism.
 58131 | Zot:3    | Received a gift from Okawaru
 58132 | Zot:3    | Reached skill level 25 in Fighting
 58172 | Zot:3    | 58172 ||| INVOKING Heroism.
 58210 | Zot:3    | 58210 ||| Stepping ~*~*~tactically~*~*~ (hiding).
 58212 | Zot:3    | 58212 ||| Stepping ~*~*~tactically~*~*~ (hiding).
 58240 | Zot:3    | 58240 ||| INVOKING Heroism.
 58264 | Zot:3    | 58264 ||| Stepping ~*~*~tactically~*~*~ (hiding).
 58437 | Zot:3    | Noticed qw's ghost (veteran GrFi)
 58438 | Zot:3    | Found a runed translucent gate.
 58440 | Zot:3    | Found a runed translucent gate.
 58440 | Zot:3    | Found an opulent altar of Gozag.
 58441 | Zot:3    | Found a runed translucent gate.
 58442 | Zot:3    | Found Lehaqo's Assorted Antiques.
 58449 | Zot:3    | 58449 ||| Stepping ~*~*~tactically~*~*~ (stealth).
 58451 | Zot:3    | 58451 ||| Stepping ~*~*~tactically~*~*~ (hiding).
 58453 | Zot:3    | 58453 ||| Stepping ~*~*~tactically~*~*~ (hiding).
 58466 | Zot:3    | Identified the +1 pair of gloves of Chimes {Str+5} (Okawaru
                  | gifted it to you on level 3 of the Realm of Zot)
 58466 | Zot:3    | Received a gift from Okawaru
 58813 | Zot:3    | 58813 ||| UPGRADING to +1 pair of gloves of Chimes {Str+5}.
 58823 | Zot:3    | 58823 ||| DROPPING +2 pair of gloves.
 58854 | Zot:4    | 58854 ||| INVOKING Heroism.
 58907 | Zot:4    | Reached skill level 15 in Throwing
 58965 | Zot:4    | 58965 ||| Stepping ~*~*~tactically~*~*~ (stealth).
 58966 | Zot:4    | 58966 ||| Stepping ~*~*~tactically~*~*~ (stealth).
 58977 | Zot:4    | 58977 ||| FLEEEEING.
 58978 | Zot:4    | 58978 ||| FLEEEEING.
 58979 | Zot:4    | 58979 ||| FLEEEEING.
 58980 | Zot:4    | 58980 ||| FLEEEEING.
 58982 | Zot:4    | 58982 ||| FLEEEEING.
 58986 | Zot:4    | 58986 ||| FLEEEEING.
 58987 | Zot:4    | 58987 ||| FLEEEEING.
 58992 | Zot:4    | 58992 ||| FLEEEEING.
 58993 | Zot:4    | 58993 ||| FLEEEEING.
 58996 | Zot:4    | 58996 ||| Stepping ~*~*~tactically~*~*~ (hiding).
 59111 | Zot:4    | 59111 ||| INVOKING Heroism.
 59301 | Zot:4    | 59301 ||| INVOKING Heroism.
 59468 | Zot:4    | 59468 ||| PLANNING SLIME:5
 59468 | Zot:4    | 59468 ||| REMOVING ring of Ninuibit {rF+ SInv}.
 59469 | Zot:4    | 59469 ||| UPGRADING to +6 ring of strength.
 59470 | Zot:4    | 59470 ||| UPGRADING to ring of resist corrosion.
 59953 | Slime:1  | Entered Level 1 of the Pits of Slime
 59965 | Slime:1  | Gained mutation: Your spells are a little harder to cast,
                  | but a little more powerful. [a shining eye]
 59967 | Slime:1  | Gained mutation: You have an increased reservoir of magic.
                  | (+10% MP) [a shining eye]
 59994 | Slime:2  | 59994 ||| Stepping ~*~*~tactically~*~*~ (stealth).
 59995 | Slime:2  | 59995 ||| Stepping ~*~*~tactically~*~*~ (stealth).
 60005 | Slime:2  | Gained mutation: You are frail. (-10% HP) [a shining eye]
 60009 | Slime:2  | Gained mutation: You are dopey. (Int -2) [a shining eye]
 60011 | Slime:2  | Gained mutation: You sometimes lose your temper in combat.
                  | [a shining eye]
 60094 | Slime:2  | 60094 ||| DRINKING 8 potions of mutation.
 60094 | Slime:2  | Lost mutation: You have very sharp teeth. [potion of
                  | mutation]
 60094 | Slime:2  | Lost mutation: Your flesh is cold resistant. (rC+) [potion
                  | of mutation]
 60094 | Slime:2  | Lost mutation: You have an increased reservoir of magic.
                  | (+10% MP) [potion of mutation]
 60094 | Slime:2  | Gained mutation: You are clumsy. (Dex -2) [potion of
                  | mutation]
 60094 | Slime:2  | Gained mutation: You passively map a small area around you.
                  | [potion of mutation]
 60094 | Slime:2  | Gained mutation: Your muscles are strong. (Str +4, Int/Dex
                  | -1) [potion of mutation]
 60095 | Slime:2  | 60095 ||| DRINKING 7 potions of mutation.
 60095 | Slime:2  | Lost mutation: You are clumsy. (Dex -2) [potion of
                  | mutation]
 60095 | Slime:2  | Lost mutation: You are dopey. (Int -2) [potion of mutation]
 60095 | Slime:2  | Gained mutation: You do not regenerate when monsters are
                  | visible. [potion of mutation]
 60095 | Slime:2  | Lost mutation: You sometimes lose your temper in combat.
                  | [potion of mutation]
 60095 | Slime:2  | Gained mutation: You are clumsy. (Dex -2) [potion of
                  | mutation]
 60096 | Slime:2  | 60096 ||| DRINKING 6 potions of mutation.
 60096 | Slime:2  | Lost mutation: You are clumsy. (Dex -2) [potion of
                  | mutation]
 60096 | Slime:2  | Lost mutation: Your spells are a little harder to cast, but
                  | a little more powerful. [potion of mutation]
 60096 | Slime:2  | Lost mutation: Your muscles are strong. (Str +4, Int/Dex
                  | -1) [potion of mutation]
 60096 | Slime:2  | Lost mutation: You are frail. (-10% HP) [potion of
                  | mutation]
 60134 | Slime:2  | 60134 ||| DRINKING 5 potions of mutation.
 60134 | Slime:2  | Lost mutation: You passively map a small area around you.
                  | [potion of mutation]
 60134 | Slime:2  | Lost mutation: You do not regenerate when monsters are
                  | visible. [potion of mutation]
 60134 | Slime:2  | Gained mutation: Your spells are a little harder to cast,
                  | but a little more powerful. [potion of mutation]
 60134 | Slime:2  | Gained mutation: You are agile. (Dex +4, Str/Int -1)
                  | [potion of mutation]
 60134 | Slime:2  | Gained mutation: You are frail. (-10% HP) [potion of
                  | mutation]
 60135 | Slime:2  | 60135 ||| DRINKING 4 potions of mutation.
 60135 | Slime:2  | Lost mutation: You are agile. (Dex +4, Str/Int -1) [potion
                  | of mutation]
 60135 | Slime:2  | Lost mutation: You are frail. (-10% HP) [potion of
                  | mutation]
 60135 | Slime:2  | Gained mutation: You are vulnerable to heat. (rF-) [potion
                  | of mutation]
 60135 | Slime:2  | Gained mutation: Potions are less effective at restoring
                  | your health. [potion of mutation]
 60172 | Slime:2  | 60172 ||| DRINKING 3 potions of mutation.
 60172 | Slime:2  | Lost mutation: Potions are less effective at restoring your
                  | health. [potion of mutation]
 60172 | Slime:2  | Lost mutation: You are vulnerable to heat. (rF-) [potion of
                  | mutation]
 60172 | Slime:2  | Gained mutation: Your spells are harder to cast, but more
                  | powerful. [potion of mutation]
 60172 | Slime:2  | Gained mutation: You are weak. (Str -2) [potion of
                  | mutation]
 60199 | Slime:3  | Received a gift from Okawaru
 60239 | Slime:5  | Entered Level 5 of the Pits of Slime
 60291 | Slime:5  | Reached skill level 26 in Fighting
 60408 | Slime:5  | Received a gift from Okawaru
 60435 | Slime:5  | Reached XP level 26. HP: 190/190 MP: 30/30
 60492 | Slime:5  | Noticed the Royal Jelly
 60493 | Slime:5  | 60493 ||| INVOKING Heroism.
 60494 | Slime:5  | 60494 ||| INVOKING Finesse.
 60502 | Slime:5  | Received a gift from Okawaru
 60516 | Slime:5  | 60516 ||| DRINKING 4 potions of cancellation.
 60534 | Slime:5  | Gained mutation: You sometimes lose your temper in combat.
                  | [a shining eye]
 60538 | Slime:5  | Gained mutation: You do not regenerate when monsters are
                  | visible. [a shining eye]
 60555 | Slime:5  | 60555 ||| DRINKING 3 potions of cancellation.
 60566 | Slime:5  | Killed the Royal Jelly
 60568 | Slime:5  | 60568 ||| INVOKING Heroism.
 60700 | Slime:5  | 60700 ||| DRINKING 2 potions of mutation.
 60700 | Slime:5  | Lost mutation: You sometimes lose your temper in combat.
                  | [potion of mutation]
 60700 | Slime:5  | Lost mutation: You do not regenerate when monsters are
                  | visible. [potion of mutation]
 60700 | Slime:5  | Gained mutation: You are clumsy. (Dex -2) [potion of
                  | mutation]
 60700 | Slime:5  | Lost mutation: You are weak. (Str -2) [potion of mutation]
 60700 | Slime:5  | Gained mutation: You possess an exceptional clarity of
                  | mind. [potion of mutation]
 60700 | Slime:5  | Gained mutation: You are covered in fur. (AC +1) [potion of
                  | mutation]
 60755 | Slime:5  | Found the +3 salamander hide armour {Flames, rFlCloud rF++
                  | rC--}
 60791 | Slime:5  | Got a slimy rune of Zot
 60807 | Slime:5  | Identified the staff of the Ancient Prophets {rN+ Str+4
                  | Dex-2 Necro}
 61023 | Slime:5  | 61023 ||| PLANNING THE SHINING ONE WORSHIP
 61023 | Slime:5  | 61023 ||| UPGRADING to +5 ring of evasion.
 61025 | Slime:5  | 61025 ||| DROPPING ring of resist corrosion.
 61026 | Slime:5  | 61026 ||| DROPPING +6 ring of intelligence.
 61027 | Slime:5  | 61027 ||| UPGRADING to ring of Ninuibit {rF+ SInv}.
 61029 | Slime:5  | 61029 ||| DROPPING ring of resist corrosion.
 61030 | Slime:5  | 61030 ||| UPGRADING to +5 ring of evasion.
 61208 | Lair:1   | 61208 ||| SWAPPING to +4 broad axe of flaming.
 61209 | Lair:1   | 61209 ||| READING 2 scrolls of brand weapon.
 61209 | Lair:1   | 61209 ||| BRANDING +4 broad axe of flaming.
 61210 | Lair:1   | 61210 ||| READING scroll of brand weapon.
 61210 | Lair:1   | 61210 ||| BRANDING +4 heavy broad axe.
 61211 | Lair:1   | Fell from the grace of Okawaru
 61211 | Lair:1   | Became a worshipper of the Shining One
 61212 | Lair:1   | 61212 ||| PLANNING CRYPT
 61212 | Lair:1   | 61212 ||| SWAPPING to +2 broad axe of holy wrath.
 61415 | Crypt:1  | Entered Level 1 of the Crypt
 61415 | Crypt:1  | Noticed Zenata
 61432 | Crypt:1  | Killed Zenata
 61499 | Crypt:1  | 61499 ||| FLEEEEING.
 61503 | Crypt:1  | 61503 ||| STAIRDANCE
 61596 | Crypt:1  | Reached * piety under the Shining One
 61616 | Crypt:1  | 61616 ||| FLEEEEING.
 61617 | Crypt:1  | 61617 ||| FLEEEEING.
 61618 | Crypt:1  | 61618 ||| FLEEEEING.
 61619 | Crypt:1  | 61619 ||| FLEEEEING.
 61620 | Crypt:1  | 61620 ||| FLEEEEING.
 61621 | Crypt:1  | 61621 ||| FLEEEEING.
 61622 | Crypt:1  | 61622 ||| FLEEEEING.
 61623 | Crypt:1  | 61623 ||| FLEEEEING.
 61624 | Crypt:1  | 61624 ||| FLEEEEING.
 61625 | Crypt:1  | 61625 ||| FLEEEEING.
 61626 | Crypt:1  | 61626 ||| FLEEEEING.
 61627 | Crypt:1  | 61627 ||| FLEEEEING.
 61628 | Crypt:1  | 61628 ||| STAIRDANCE
 61706 | Crypt:1  | Reached ** piety under the Shining One
 61859 | Crypt:1  | 61859 ||| Stepping ~*~*~tactically~*~*~ (stealth).
 61860 | Crypt:1  | 61860 ||| Stepping ~*~*~tactically~*~*~ (stealth).
 61862 | Crypt:1  | 61862 ||| Stepping ~*~*~tactically~*~*~ (stealth).
 61863 | Crypt:1  | 61863 ||| Stepping ~*~*~tactically~*~*~ (stealth).
 61864 | Crypt:1  | 61864 ||| Stepping ~*~*~tactically~*~*~ (stealth).
 61878 | Crypt:1  | 61878 ||| FLEEEEING.
 61879 | Crypt:1  | 61879 ||| FLEEEEING.
 61879 | Crypt:1  | Reached *** piety under the Shining One
 61894 | Crypt:1  | Reached **** piety under the Shining One
 61894 | Crypt:1  | Noticed Grunn
 61896 | Crypt:1  | 61896 ||| INVOKING Cleansing Flame.
 61899 | Crypt:1  | 61899 ||| INVOKING Cleansing Flame.
 61919 | Crypt:1  | Reached ***** piety under the Shining One
 61920 | Crypt:1  | 61920 ||| INVOKING Summon Divine Warrior.
 61924 | Crypt:1  | Reached skill level 12 in Invocations
 61930 | Crypt:1  | 61930 ||| INVOKING Cleansing Flame.
 61931 | Crypt:1  | 61931 ||| INVOKING Cleansing Flame.
 61932 | Crypt:1  | 61932 ||| INVOKING Cleansing Flame.
 61938 | Crypt:1  | Killed Grunn
 62173 | Crypt:1  | 62173 ||| Stepping ~*~*~tactically~*~*~ (hiding).
 62566 | Crypt:1  | 62566 ||| FLEEEEING.
 62567 | Crypt:1  | 62567 ||| FLEEEEING.
 62568 | Crypt:1  | 62568 ||| FLEEEEING.
 62569 | Crypt:1  | 62569 ||| FLEEEEING.
 62570 | Crypt:1  | 62570 ||| FLEEEEING.
 62571 | Crypt:1  | 62571 ||| FLEEEEING.
 62572 | Crypt:1  | 62572 ||| FLEEEEING.
 62594 | Crypt:1  | 62594 ||| Stepping ~*~*~tactically~*~*~ (hiding).
 62598 | Crypt:1  | 62598 ||| Stepping ~*~*~tactically~*~*~ (hiding).
 62601 | Crypt:1  | 62601 ||| Stepping ~*~*~tactically~*~*~ (hiding).
 62606 | Crypt:1  | 62606 ||| Stepping ~*~*~tactically~*~*~ (hiding).
 62607 | Crypt:1  | 62607 ||| Stepping ~*~*~tactically~*~*~ (hiding).
 62608 | Crypt:1  | 62608 ||| Stepping ~*~*~tactically~*~*~ (hiding).
 62609 | Crypt:1  | 62609 ||| Stepping ~*~*~tactically~*~*~ (hiding).
 62610 | Crypt:1  | 62610 ||| Stepping ~*~*~tactically~*~*~ (hiding).
 62611 | Crypt:1  | 62611 ||| Stepping ~*~*~tactically~*~*~ (hiding).
 63152 | Crypt:1  | 63152 ||| UPGRADING to +6 ring of strength.
 63154 | Crypt:1  | 63154 ||| UPGRADING to ring "Qekhlym" {rF+ Will- EV+5
                  | Stlth+}.
 63156 | Crypt:1  | 63156 ||| DROPPING ring of Ninuibit {rF+ SInv}.
 63191 | Crypt:2  | 63191 ||| Stepping ~*~*~tactically~*~*~ (stealth).
 63196 | Crypt:2  | 63196 ||| Stepping ~*~*~tactically~*~*~ (hiding).
 63249 | Crypt:2  | 63249 ||| INVOKING Summon Divine Warrior.
 63250 | Crypt:2  | 63250 ||| INVOKING Cleansing Flame.
 63540 | Crypt:2  | Reached ****** piety under the Shining One
 63541 | Crypt:2  | 63541 ||| INVOKING Brand Weapon With Holy Wrath.
 63541 | Crypt:2  | Identified a +6 broad axe of holy wrath (a +4 broad axe of
                  | freezing blessed by the Shining One)
 63541 | Crypt:2  | Received a gift from the Shining One
 63542 | Crypt:2  | 63542 ||| SWAPPING to +6 broad axe of holy wrath.
 64081 | Crypt:3  | Entered Level 3 of the Crypt
 64081 | Crypt:3  | Found a staircase to the Tomb.
 64133 | Crypt:3  | 64133 ||| Stepping ~*~*~tactically~*~*~ (stealth).
 64156 | Crypt:3  | Reached skill level 15 in Invocations
 64167 | Crypt:3  | 64167 ||| Stepping ~*~*~tactically~*~*~ (hiding).
 64311 | Crypt:3  | 64311 ||| FLEEEEING.
 64312 | Crypt:3  | 64312 ||| FLEEEEING.
 64313 | Crypt:3  | 64313 ||| FLEEEEING.
 64314 | Crypt:3  | 64314 ||| FLEEEEING.
 64315 | Crypt:3  | 64315 ||| FLEEEEING.
 64316 | Crypt:3  | 64316 ||| FLEEEEING.
 64317 | Crypt:3  | 64317 ||| FLEEEEING.
 64318 | Crypt:3  | 64318 ||| FLEEEEING.
 64324 | Crypt:3  | 64324 ||| STAIRDANCE
 64382 | Crypt:3  | 64382 ||| STAIRDANCE
 64645 | Crypt:3  | 64645 ||| INVOKING Cleansing Flame.
 64713 | Crypt:3  | 64713 ||| FLEEEEING.
 64729 | Crypt:3  | 64729 ||| FLEEEEING.
 64730 | Crypt:3  | 64730 ||| FLEEEEING.
 64731 | Crypt:3  | 64731 ||| FLEEEEING.
 64732 | Crypt:3  | 64732 ||| FLEEEEING.
 64733 | Crypt:3  | 64733 ||| FLEEEEING.
 64734 | Crypt:3  | 64734 ||| FLEEEEING.
 64913 | Crypt:3  | 64913 ||| Stepping ~*~*~tactically~*~*~ (hiding).
 65100 | Crypt:3  | Reached XP level 27. HP: 196/196 MP: 35/35
 65149 | Crypt:3  | Identified the amulet "Buasauc" {Will+ Regen+ Slay+2}
 65150 | Crypt:3  | 65150 ||| Stepping ~*~*~tactically~*~*~ (hiding).
 65164 | Crypt:3  | 65164 ||| Stepping ~*~*~tactically~*~*~ (hiding).
 65165 | Crypt:3  | 65165 ||| Stepping ~*~*~tactically~*~*~ (hiding).
 65186 | Crypt:3  | 65186 ||| Stepping ~*~*~tactically~*~*~ (hiding).
 65188 | Crypt:3  | Noticed a royal mummy
 65189 | Crypt:3  | 65189 ||| Stepping ~*~*~tactically~*~*~ (stealth).
 65191 | Crypt:3  | 65191 ||| Stepping ~*~*~tactically~*~*~ (stealth).
 65192 | Crypt:3  | 65192 ||| Stepping ~*~*~tactically~*~*~ (stealth).
 65195 | Crypt:3  | 65195 ||| INVOKING Cleansing Flame.
 65206 | Crypt:3  | 65206 ||| Stepping ~*~*~tactically~*~*~ (stealth).
 65207 | Crypt:3  | 65207 ||| INVOKING Summon Divine Warrior.
 65213 | Crypt:3  | Killed a royal mummy
 65235 | Crypt:3  | Identified the +5 rapier "Vittalan" {heavy, Str+3 Int+3
                  | Dex+3}
 65264 | Crypt:3  | 65264 ||| INVOKING Cleansing Flame.
 65404 | Crypt:3  | Identified the +2 shortbow of the Lamprey {heavy, Dex+3}
 65407 | Crypt:3  | 65407 ||| INVOKING Cleansing Flame.
 65719 | Crypt:3  | Identified the ring "Lipilyx" {Contam rElec rN+ Str+5}
 65793 | Crypt:3  | 65793 ||| PLANNING TOMB
 65793 | Crypt:3  | 65793 ||| DROPPING +1 cloak.
 65794 | Crypt:3  | 65794 ||| DROPPING amulet of reflection.
 65795 | Crypt:3  | 65795 ||| DROPPING ring of fire.
 65796 | Crypt:3  | 65796 ||| DROPPING ring "Lipilyx" {Contam rElec rN+ Str+5}.
 65806 | Crypt:3  | Identified the ring "Olurgha" {rPois rN+ Will+ Stlth+}
 65810 | Crypt:3  | 65810 ||| INVOKING Cleansing Flame.
 65870 | Tomb:1   | Entered Level 1 of the Tomb of the Ancients
 65987 | Tomb:1   | Paralysed by a sphinx for 5 turns
 66007 | Tomb:1   | 66007 ||| FLEEEEING.
 66008 | Tomb:1   | 66008 ||| FLEEEEING.
 66009 | Tomb:1   | 66009 ||| FLEEEEING.
 66010 | Tomb:1   | 66010 ||| FLEEEEING.
 66011 | Tomb:1   | 66011 ||| FLEEEEING.
 66012 | Tomb:1   | 66012 ||| FLEEEEING.
 66013 | Tomb:1   | 66013 ||| FLEEEEING.
 66014 | Tomb:1   | 66014 ||| FLEEEEING.
 66015 | Tomb:1   | 66015 ||| FLEEEEING.
 66016 | Tomb:1   | 66016 ||| FLEEEEING.
 66017 | Tomb:1   | 66017 ||| FLEEEEING.
 66018 | Tomb:1   | 66018 ||| FLEEEEING.
 66019 | Tomb:1   | 66019 ||| FLEEEEING.
 66020 | Tomb:1   | 66020 ||| FLEEEEING.
 66021 | Tomb:1   | 66021 ||| FLEEEEING.
 66022 | Tomb:1   | 66022 ||| FLEEEEING.
 66023 | Tomb:1   | 66023 ||| FLEEEEING.
 66024 | Tomb:1   | 66024 ||| FLEEEEING.
 66025 | Tomb:1   | 66025 ||| FLEEEEING.
 66026 | Tomb:1   | 66026 ||| FLEEEEING.
 66027 | Tomb:1   | 66027 ||| FLEEEEING.
 66028 | Tomb:1   | 66028 ||| FLEEEEING.
 66029 | Tomb:1   | 66029 ||| FLEEEEING.
 66030 | Tomb:1   | 66030 ||| FLEEEEING.
 66090 | Tomb:1   | 66090 ||| FLEEEEING.
 66091 | Tomb:1   | 66091 ||| FLEEEEING.
 66092 | Tomb:1   | 66092 ||| FLEEEEING.
 66093 | Tomb:1   | 66093 ||| FLEEEEING.
 66094 | Tomb:1   | 66094 ||| FLEEEEING.
 66095 | Tomb:1   | 66095 ||| FLEEEEING.
 66096 | Tomb:1   | 66096 ||| FLEEEEING.
 66097 | Tomb:1   | 66097 ||| FLEEEEING.
 66098 | Tomb:1   | 66098 ||| FLEEEEING.
 66099 | Tomb:1   | 66099 ||| FLEEEEING.
 66100 | Tomb:1   | 66100 ||| FLEEEEING.
 66101 | Tomb:1   | 66101 ||| FLEEEEING.
 66102 | Tomb:1   | 66102 ||| FLEEEEING.
 66103 | Tomb:1   | 66103 ||| FLEEEEING.
 66104 | Tomb:1   | 66104 ||| FLEEEEING.
 66105 | Tomb:1   | 66105 ||| FLEEEEING.
 66106 | Tomb:1   | 66106 ||| FLEEEEING.
 66107 | Tomb:1   | 66107 ||| FLEEEEING.
 66120 | Tomb:1   | 66120 ||| FLEEEEING.
 66121 | Tomb:1   | 66121 ||| FLEEEEING.
 66122 | Tomb:1   | 66122 ||| FLEEEEING.
 66135 | Tomb:1   | 66135 ||| FLEEEEING.
 66136 | Tomb:1   | 66136 ||| FLEEEEING.
 66444 | Tomb:1   | Noticed a royal mummy
 66445 | Tomb:1   | 66445 ||| INVOKING Summon Divine Warrior.
 66452 | Tomb:1   | 66452 ||| INVOKING Cleansing Flame.
 66455 | Tomb:1   | Killed a royal mummy
 66456 | Tomb:1   | Reached skill level 18 in Invocations
 66456 | Tomb:1   | 66456 ||| INVOKING Cleansing Flame.
 66457 | Tomb:1   | 66457 ||| INVOKING Cleansing Flame.
 66462 | Tomb:1   | 66462 ||| INVOKING Cleansing Flame.
 66473 | Tomb:1   | 66473 ||| INVOKING Cleansing Flame.
 66474 | Tomb:1   | 66474 ||| INVOKING Cleansing Flame.
 66545 | Tomb:1   | 66545 ||| INVOKING Cleansing Flame.
 66549 | Tomb:1   | 66549 ||| FLEEEEING.
 66550 | Tomb:1   | 66550 ||| FLEEEEING.
 66555 | Tomb:1   | 66555 ||| FLEEEEING.
 66556 | Tomb:1   | 66556 ||| FLEEEEING.
 66557 | Tomb:1   | 66557 ||| FLEEEEING.
 66558 | Tomb:1   | 66558 ||| FLEEEEING.
 66683 | Tomb:1   | 66683 ||| INVOKING Cleansing Flame.
 66962 | Tomb:2   | 66962 ||| DRINKING 6 potions of haste.
 66963 | Tomb:2   | 66963 ||| DRINKING 10 potions of attraction.
 66964 | Tomb:2   | 66964 ||| INVOKING Cleansing Flame.
 66965 | Tomb:2   | 66965 ||| INVOKING Cleansing Flame.
 66967 | Tomb:2   | Noticed a royal mummy
 66967 | Tomb:2   | Noticed a royal mummy
 66967 | Tomb:2   | Noticed a royal mummy
 66967 | Tomb:2   | Noticed a royal mummy
 66968 | Tomb:2   | 66968 ||| INVOKING Summon Divine Warrior.
 66969 | Tomb:2   | 66969 ||| INVOKING Cleansing Flame.
 66970 | Tomb:2   | 66970 ||| INVOKING Cleansing Flame.
 66970 | Tomb:2   | Noticed a royal mummy
 66973 | Tomb:2   | 66973 ||| INVOKING Cleansing Flame.
 66973 | Tomb:2   | Killed a royal mummy
 66974 | Tomb:2   | Killed a royal mummy
 66975 | Tomb:2   | Killed a royal mummy
 66975 | Tomb:2   | Killed a royal mummy
 66977 | Tomb:2   | Killed a royal mummy
 67006 | Tomb:2   | 67006 ||| INVOKING Cleansing Flame.
 67035 | Tomb:2   | 67035 ||| INVOKING Cleansing Flame.
 67036 | Tomb:2   | 67036 ||| INVOKING Cleansing Flame.
 67045 | Tomb:2   | 67045 ||| INVOKING Cleansing Flame.
 67420 | Tomb:1   | Noticed a royal mummy
 67421 | Tomb:1   | 67421 ||| INVOKING Summon Divine Warrior.
 67426 | Tomb:1   | Killed a royal mummy
 67434 | Tomb:1   | 67434 ||| INVOKING Cleansing Flame.
 67461 | Tomb:1   | Noticed a royal mummy
 67466 | Tomb:1   | Killed a royal mummy
 67479 | Tomb:1   | Noticed a royal mummy
 67480 | Tomb:1   | 67480 ||| INVOKING Cleansing Flame.
 67481 | Tomb:1   | 67481 ||| INVOKING Cleansing Flame.
 67484 | Tomb:1   | Killed a royal mummy
 67649 | Tomb:1   | Noticed a royal mummy
 67654 | Tomb:1   | 67654 ||| INVOKING Cleansing Flame.
 67655 | Tomb:1   | 67655 ||| INVOKING Cleansing Flame.
 67656 | Tomb:1   | 67656 ||| INVOKING Cleansing Flame.
 67656 | Tomb:1   | Killed a royal mummy
 67729 | Tomb:1   | Noticed a royal mummy
 67733 | Tomb:1   | 67733 ||| INVOKING Cleansing Flame.
 67733 | Tomb:1   | Noticed a royal mummy
 67734 | Tomb:1   | 67734 ||| INVOKING Cleansing Flame.
 67735 | Tomb:1   | 67735 ||| INVOKING Cleansing Flame.
 67736 | Tomb:1   | 67736 ||| INVOKING Cleansing Flame.
 67736 | Tomb:1   | Killed a royal mummy
 67737 | Tomb:1   | Reached skill level 21 in Invocations
 67737 | Tomb:1   | 67737 ||| INVOKING Cleansing Flame.
 67738 | Tomb:1   | 67738 ||| INVOKING Cleansing Flame.
 67738 | Tomb:1   | Killed a royal mummy
 67757 | Tomb:1   | Noticed a royal mummy
 67759 | Tomb:1   | 67759 ||| INVOKING Cleansing Flame.
 67760 | Tomb:1   | 67760 ||| INVOKING Cleansing Flame.
 67761 | Tomb:1   | 67761 ||| INVOKING Cleansing Flame.
 67761 | Tomb:1   | Killed a royal mummy
 67928 | Tomb:1   | Noticed a royal mummy
 67931 | Tomb:1   | 67931 ||| INVOKING Cleansing Flame.
 67932 | Tomb:1   | 67932 ||| INVOKING Cleansing Flame.
 67933 | Tomb:1   | Noticed a royal mummy
 67942 | Tomb:1   | Killed a royal mummy
 67943 | Tomb:1   | 67943 ||| INVOKING Cleansing Flame.
 67947 | Tomb:1   | Killed a royal mummy
 68152 | Tomb:1   | Noticed a royal mummy
 68152 | Tomb:1   | Noticed a royal mummy
 68153 | Tomb:1   | 68153 ||| Stepping ~*~*~tactically~*~*~ (hiding).
 68154 | Tomb:1   | 68154 ||| INVOKING Summon Divine Warrior.
 68156 | Tomb:1   | 68156 ||| INVOKING Cleansing Flame.
 68157 | Tomb:1   | 68157 ||| INVOKING Cleansing Flame.
 68158 | Tomb:1   | 68158 ||| INVOKING Cleansing Flame.
 68158 | Tomb:1   | Killed a royal mummy
 68160 | Tomb:1   | Noticed a royal mummy
 68161 | Tomb:1   | 68161 ||| INVOKING Cleansing Flame.
 68162 | Tomb:1   | 68162 ||| INVOKING Cleansing Flame.
 68162 | Tomb:1   | Killed a royal mummy
 68163 | Tomb:1   | 68163 ||| INVOKING Cleansing Flame.
 68163 | Tomb:1   | Killed a royal mummy
 68315 | Tomb:1   | Noticed a royal mummy
 68317 | Tomb:1   | 68317 ||| INVOKING Cleansing Flame.
 68317 | Tomb:1   | Noticed a royal mummy
 68318 | Tomb:1   | 68318 ||| INVOKING Cleansing Flame.
 68320 | Tomb:1   | Killed a royal mummy
 68322 | Tomb:1   | Noticed a royal mummy
 68323 | Tomb:1   | 68323 ||| INVOKING Cleansing Flame.
 68324 | Tomb:1   | 68324 ||| INVOKING Cleansing Flame.
 68325 | Tomb:1   | 68325 ||| INVOKING Cleansing Flame.
 68325 | Tomb:1   | Killed a royal mummy
 68327 | Tomb:1   | 68327 ||| INVOKING Cleansing Flame.
 68328 | Tomb:1   | 68328 ||| INVOKING Cleansing Flame.
 68329 | Tomb:1   | 68329 ||| INVOKING Cleansing Flame.
 68329 | Tomb:1   | Killed a royal mummy
 68390 | Tomb:1   | 68390 ||| INVOKING Cleansing Flame.
 68531 | Tomb:1   | Was forgiven by Okawaru
 68967 | Tomb:2   | 68967 ||| INVOKING Cleansing Flame.
 68973 | Tomb:2   | 68973 ||| INVOKING Cleansing Flame.
 68982 | Tomb:2   | 68982 ||| INVOKING Cleansing Flame.
 68983 | Tomb:2   | 68983 ||| INVOKING Cleansing Flame.
 68984 | Tomb:2   | 68984 ||| INVOKING Summon Divine Warrior.
 68985 | Tomb:2   | 68985 ||| INVOKING Cleansing Flame.
 68986 | Tomb:2   | 68986 ||| INVOKING Cleansing Flame.
 69396 | Tomb:3   | Entered Level 3 of the Tomb of the Ancients
 69397 | Tomb:3   | 69397 ||| DRINKING 5 potions of haste.
 69398 | Tomb:3   | 69398 ||| DRINKING 9 potions of attraction.
 69464 | Tomb:3   | Noticed a royal mummy
 69465 | Tomb:3   | 69465 ||| INVOKING Summon Divine Warrior.
 69466 | Tomb:3   | 69466 ||| INVOKING Cleansing Flame.
 69470 | Tomb:3   | Noticed a royal mummy
 69470 | Tomb:3   | Noticed a royal mummy
 69472 | Tomb:3   | Noticed a royal mummy
 69473 | Tomb:3   | Reached skill level 18 in Axes
 69475 | Tomb:3   | Noticed a royal mummy
 69478 | Tomb:3   | Noticed a royal mummy
 69479 | Tomb:3   | HP: 47/196 [??? (9)]
 69479 | Tomb:3   | Noticed a royal mummy
 69480 | Tomb:3   | 69480 ||| READING 7 scrolls of teleportation.
 69481 | Tomb:3   | 69481 ||| DRINKING 2 potions of heal wounds.
 69482 | Tomb:3   | 69482 ||| INVOKING Cleansing Flame.
 69483 | Tomb:3   | 69483 ||| INVOKING Cleansing Flame.
 69503 | Tomb:3   | 69503 ||| INVOKING Summon Divine Warrior.
 69507 | Tomb:3   | 69507 ||| INVOKING Cleansing Flame.
 69508 | Tomb:3   | 69508 ||| INVOKING Cleansing Flame.
 69517 | Tomb:3   | Noticed a royal mummy
 69521 | Tomb:3   | 69521 ||| INVOKING Cleansing Flame.
 69524 | Tomb:3   | Killed a royal mummy
 69526 | Tomb:3   | HP: 46/196 [death scarab[a royal mummy] (18)]
 69527 | Tomb:3   | 69527 ||| READING 6 scrolls of teleportation.
 69528 | Tomb:3   | 69528 ||| DRINKING potion of heal wounds.
 69531 | Tomb:3   | 69531 ||| INVOKING Summon Divine Warrior.
 69531 | Tomb:3   | HP: 47/196 [royal mummy/divine providence (8)]
 69532 | Tomb:3   | 69532 ||| READING 5 scrolls of teleportation.
 69535 | Tomb:3   | HP: 22/196 [royal mummy/divine providence (14)]
 69536 | Tomb:3   | 69536 ||| INVOKING Cleansing Flame.
 69546 | Tomb:3   | 69546 ||| READING 4 scrolls of teleportation.
 69553 | Tomb:3   | 69553 ||| READING 3 scrolls of teleportation.
 69556 | Tomb:3   | 69556 ||| INVOKING Cleansing Flame.
 69557 | Tomb:3   | Noticed a royal mummy
 69568 | Tomb:3   | 69568 ||| INVOKING Summon Divine Warrior.
 69578 | Tomb:3   | HP: 42/196 [royal mummy/divine providence (12)]
 69579 | Tomb:3   | 69579 ||| READING 2 scrolls of teleportation.
 69579 | Tomb:3   | Killed a royal mummy
 69580 | Tomb:3   | 69580 ||| INVOKING Cleansing Flame.
 69580 | Tomb:3   | HP: 19/196 [??? (3)]
 69581 | Tomb:3   | 69581 ||| INVOKING Cleansing Flame.
 69582 | Tomb:3   | Killed a royal mummy
 69582 | Tomb:3   | HP: 5/196 [something (22)]
 69583 | Tomb:3   | 69583 ||| INVOKING Cleansing Flame.
 69585 | Tomb:3   | 69585 ||| READING scroll of teleportation.
 69586 | Tomb:3   | Killed from afar by a royal mummy

Levels and vault maps discovered:
D:1:      lightli_arrival_statuegarden, layout_rooms, minmay_pentomino_t2
D:2:      layout_basic, grunt_ministairs_8, minmay_shallow_snake_nest
D:3:      layout_loops_ring, shapermc_ecumenical_altar_pompeii
D:4:      layout_cave_pods, nicolae_overflow_hidden_temple, serial_shops,
          nicolae_shop_bloodbath_and_beyond, uniq_ijyb
D:5:      layout_loops_corners, mainiacjoe_overflow_cross_hatched,
          serial_demonic, serial_demonic_a, serial_demonic_d, serial_demonic_c,
          serial_demonic_e, serial_demonic_e, serial_demonic_d,
          serial_demonic_b, serial_demonic_g
D:6:      layout_loops_ring, minmay_temple_entry_waves, enter_ossuary_4,
          serial_bayou_pond_c, uniq_crazy_yiuf_cottage, uniq_maggie,
          uniq_duvessa, uniq_grinder, uniq_edmund
D:7:      layout_basic, lemuel_crystal_altar, nicolae_overflows_in_rows,
          dk_noncrumbling_3
D:8:      layout_rooms, serial_glass, glass_columns_a, glass_columns_a,
          uniq_joseph, uniq_psyche
D:9:      layout_loops_ring, grunt_gozag_breadcrumbs, erik_lair_island,
          enter_bailey_2, gammafunk_ghost_grave, wad_floor_pattern_2
D:10:     layout_basic, kennysheep_mini_moat, mainiacjoe_overflow_alcove_2,
          nicolae_shop_i_like_big_books, evilmike_minifort, uniq_maurice
D:11:     layout_cave_pools
D:12:     layout_small_grid, hiddenorc1_lemuel, serial_shops, shop,
          minivault_16, mikee_hates_you
D:13:     layout_grid_maze, erik_vaults_2
D:14:     minmay_inside_and_out, layout_stronghold, led_sif_book
D:15:     grunt_enter_depths_snipers, layout_irregular_city,
          nemelex_xobeh_ov_fountains_minmay
Temple:   hellmonk_temple_beads
Lair:1:   wad_woods_stonehenge, layout_gridlike, st_stairs_9
Lair:2:   layout_regular_city, nicolae_snake_entry_squirm, st_stairs_8
Lair:3:   layout_regular_city, nicolae_swamp_entry_splash_gauntlet
Lair:4:   wander_river, layout_cave_pods, chequers_serial_rivers_large_b,
          serial_bayou_shore_a, serial_bayou_shore_b, infiniplex_staircase_pool
Lair:5:   guppyfry_lair_end_dragon, layout_cave_pods, wormcave,
          minmay_slime_entry_oklob_enclosed, serial_bayou_shore_b
Swamp:1:  layout_falls_marsh, nicolae_swamp_little_tower, swamp_pool1,
          st_swamp_ruins_1, uniq_kirke
Swamp:2:  layout_basic_swamp, evilmike_swamp_ruin_rubble_2, swamp_pool3,
          st_shrine_of_shade
Swamp:3:  layout_basic_swamp, evilmike_swamp_ruin_house_4, swamp_pool4
Swamp:4:  swamp_old_school, layout_basic_swamp, swamp_pool4
Snake:1:  layout_misc_corridors, nicolae_triple_integral
Snake:2:  layout_concentric_octagons, gammafunk_ghost_cemetery, basic_altar
Snake:3:  layout_chambers, nicolae_snake_omega
Snake:4:  snake_pit, layout_misc_corridors, minmay_shop_grove, uniq_vashnia
Slime:1:  layout_caves
Slime:2:  layout_caves
Slime:3:  layout_caves
Slime:4:  layout_caves
Slime:5
Orc:1:    layout_caves, serial_shops, nicolae_shop_pleasant_corner_grove
Orc:2:    st_orc_mages, layout_caves, serial_shops, shop, uniq_jorgrun
Vaults:1: nicolae_vaults_border_crossing, nicolae_vaults_disjoint_gnomons,
          vaults_mumra_chevron, ontoclasm_vaults_spin,
          nicolae_vaults_apartment_2, ontoclasm_vaults_gateway,
          ontoclasm_vaults_loading_screen, hangedman_vaults_capsules,
          vaults_room_door_hall, dpeg_vaults_monster_row,
          nicolae_vaults_house_1, st_spiral_rooms, layout_vaults_omnibox
Vaults:2: ontoclasm_vaults_bender, nicolae_vaults_circle_grid_b, v_rooms_3,
          nicolae_vaults_security_offices_5, v_misc_4, nicolae_vaults_prndl,
          vaults_dpeg_spiral, ontoclasm_vaults_tryst,
          nicolae_vaults_sightless_eye, v_misc_16, nicolae_vaults_house_3,
          nicolae_vaults_little_squares_4, v_misc_17, nicolae_vaults_diamond_2,
          nicolae_vaults_more_shelving_1, nicolae_vaults_asterisk,
          layout_vaults_big_cross
Vaults:3: ontoclasm_vaults_twist, vaults_mumra_lcd, v_misc_17,
          grunt_vaults_hallway_short, v_alt_pattern_5,
          nicolae_vaults_more_shelving_2, nicolae_vaults_tetromino_Z_2,
          nicolae_vaults_tetromino_L_2, nicolae_vaults_surprise_closet_hard,
          hangedman_vaults_maws, v_misc_12, minmay_crypt_entry_simple_plaza,
          vaults_mumra_minichess_inversion, hangedman_vaults_locks,
          layout_vaults_maze_bifur, uniq_margery, uniq_mennas
Vaults:4: nicolae_vaults_trapezoid_lopsided_3, nicolae_vaults_wrenched,
          vaults_room_corners, v_misc_12, vaults_mumra_hex,
          ontoclasm_vaults_claustrophobia, ontoclasm_vaults_misaligned,
          v_pattern_5, nicolae_vaults_trapezoid_lopsided_1,
          nicolae_vaults_shipping_containers_6, vaults_dpeg_ring,
          nicolae_vaults_rhombus_6, layout_vaults_omnigrid, serial_shops,
          bzr_entry_gold, uniq_mara
Vaults:5: serial_shops, uniq_frederick, uniq_bai_suzhen
Crypt:1:  layout_misc_corridors, roderic_lattice_octagonal_star,
          grunt_crypt_arrival_guarded_gate, uniq_zenata, uniq_grunn
Crypt:2:  layout_basic
Crypt:3:  due_elkab, layout_chaotic_city, st_stairs_3, grunt_ministairs_15,
          nicolae_crypt_ancient_font
Tomb:1
Tomb:2
Tomb:3
Depths:1: layout_basic, hellmouth_2, minmay_misc_feat_pillars,
          serial_corexii_hall, corexii_hall_statues_s,
          chequers_hall_statues_wall_a, corexii_hall_statues_i,
          chequers_hall_statues_y, minmay_microvault, uniq_asterion,
          uniq_saint_roka
Depths:2: grunt_deathspiral_small, layout_cave_pools, grunt_pan_entry_zigzag,
          hell_entry, eino_curves_01, infiniplex_staircase_pool_2
Depths:3: minmay_ornate_pinched, layout_gridville, enter_ziggurat_d,
          kennysheep_nondescript, hell_entry, abyss_entry,
          amcnicky_mini_pool_small, fedhas_altar_3,
          infiniplex_staircase_zigzag_1, uniq_parghit
Depths:4: grunt_zot_entry_bicorn, layout_honeycomb, hangedman_tar_grid_catacomb,
          dk_noncrumbling_4, uniq_jory
Zot:1:    layout_twisted_circle
Zot:2:    layout_cathedral_of_symmetry
Zot:3:    layout_onion_interference, ebering_ghost_gozag, grunt_megastairs_4
Zot:4:    layout_onion_interference

Skill      XL: |  1  2  3  4  5  6  7  8  9 10 11 12 13 14 15 16 17 18 19 20 21 22 23 24 25 26 27 |
---------------+----------------------------------------------------------------------------------+-----
Axes           | 2 3 4 5 6 7 8 9 10 11 12 14 15 16 18 | 18.0
Fighting       | 4 5 6 7 8 9 10 11 13 15 16 17 18 19 22 23 24 26 | 26.4
Dodging        | 1 2 3 4 5 6 7 9 10 11 | 11.0
Armour         | 4 5 6 7 9 10 11 12 16 17 19 20 21 22 | 22.0
Shields        | 4 8 10 11 12 13 14 15 16 18 20 21 22 | 22.0
Invocations    | 4 7 9 10 16 22 | 22.5
Throwing       | 1 3 5 7 8 9 10 11 13 15 | 15.0

Action                     |  1- 3 |  4- 6 |  7- 9 | 10-12 | 13-15 | 16-18 | 19-21 | 22-24 | 25-27 || total
---------------------------+-------+-------+-------+-------+-------+-------+-------+-------+-------++-------
  Melee: War axe           |    69 |   173 |   338 |   628 |  1296 |  1725 |  2009 |  7885 |   864 || 14987
         Bite              |     1 |    12 |    35 |    83 |   192 |   235 |   385 |  1766 |   140 ||  2849
         Hand axe          |       |       |       |     9 |    11 |       |       |       |       ||    20
         Broad axe         |       |       |       |       |       |       |       |    25 |   858 ||   883
  Throw: Boomerang         |    67 |    53 |       |    10 |    44 |     5 |    56 |    37 |   135 ||   407
         Javelin           |       |       |       |     3 |    59 |    93 |   150 |    32 |   149 ||   486
 Invoke: Heroism           |       |       |     4 |    21 |    31 |    30 |    18 |    66 |    12 ||   182
         Finesse           |       |       |       |     1 |       |     3 |     6 |     6 |     1 ||    17
         Cleansing Flame   |       |       |       |       |       |       |       |       |    78 ||    78
         Summon Divine War |       |       |       |       |       |       |       |       |    12 ||    12
         Brand Weapon With |       |       |       |       |       |       |       |       |     1 ||     1
    Use: Scroll            |     3 |     6 |    12 |     4 |     6 |     4 |     3 |    10 |    10 ||    58
         Potion            |     1 |     1 |     2 |     1 |     1 |     3 |     6 |    10 |    15 ||    40
   Stab: Confused          |       |       |       |       |       |       |     1 |     1 |     2 ||     4
         Distracted        |       |       |       |       |       |       |     1 |       |       ||     1
 Armour: Scale mail        |    38 |    61 |       |       |       |       |       |       |       ||    99
         Plate armour      |       |    78 |   241 |   374 |   638 |    43 |       |       |       ||  1374
         Crystal plate arm |       |       |       |       |       |   918 |  2383 |  6518 |  1128 || 10947
  Dodge: Dodged            |    33 |    74 |   124 |   195 |   311 |   288 |  1350 |  3039 |   941 ||  6355
  Block: Buckler           |    13 |    40 |    70 |    20 |       |       |       |       |       ||   143
         Kite shield       |       |       |       |   295 |   700 |  1312 |   654 |       |       ||  2961
         Reflection        |       |       |       |       |       |   136 |    15 |       |       ||   151
         Tower shield      |       |       |       |       |       |       |  1163 |  7407 |  1967 || 10537

Table legend:
 A = Non-vault XP
 B = Vault XP
 C = Vault XP percentage of total XP
 D = Non-vault monster count
 E = Vault monster count
 F = Vault count percentage of total count
                 A         B        C        D         E       F
            +---------+---------+-------+---------+---------+-------
      Total |  818475 |  664498 |  44.8 |    1586 |     884 |  35.8
            +---------+---------+-------+---------+---------+-------
        D:1 |      42 |       1 |   2.3 |      25 |       1 |   3.8
        D:2 |      63 |      20 |  24.1 |      14 |       6 |  30.0
        D:3 |      44 |       0 |   0.0 |      19 |       0 |   0.0
        D:4 |     306 |      36 |  10.5 |      25 |       1 |   3.8
        D:5 |     684 |     247 |  26.5 |      20 |      21 |  51.2
        D:6 |     321 |     963 |  75.0 |       6 |       7 |  53.8
        D:7 |    1628 |       0 |   0.0 |      25 |       0 |   0.0
        D:8 |    1653 |     845 |  33.8 |      23 |       2 |   8.0
        D:9 |    1562 |     962 |  38.1 |      32 |       9 |  22.0
       D:10 |    1683 |    4941 |  74.6 |      24 |      14 |  36.8
       D:11 |    2010 |       0 |   0.0 |      17 |       0 |   0.0
       D:12 |    7316 |     642 |   8.1 |      24 |      18 |  42.9
       D:13 |    6311 |    6975 |  52.5 |      21 |       8 |  27.6
       D:14 |   13913 |    6165 |  30.7 |      27 |      14 |  34.1
       D:15 |   21165 |    2744 |  11.5 |      39 |       3 |   7.1
     Lair:1 |    7453 |    2032 |  21.4 |      28 |      10 |  26.3
     Lair:2 |    6167 |     738 |  10.7 |      22 |       4 |  15.4
     Lair:3 |    3793 |    3872 |  50.5 |      15 |       6 |  28.6
     Lair:4 |    2855 |       0 |   0.0 |      14 |       0 |   0.0
     Lair:5 |   14506 |   11167 |  43.5 |      46 |      34 |  42.5
    Swamp:1 |   14635 |    3433 |  19.0 |      27 |       8 |  22.9
    Swamp:2 |    4888 |    2830 |  36.7 |      10 |       3 |  23.1
    Swamp:3 |   10439 |       0 |   0.0 |      21 |       0 |   0.0
    Swamp:4 |   12783 |   16633 |  56.5 |      26 |      23 |  46.9
    Snake:1 |   19760 |       0 |   0.0 |      42 |       0 |   0.0
    Snake:2 |   17101 |       0 |   0.0 |      36 |       0 |   0.0
    Snake:3 |   17646 |    7549 |  30.0 |      32 |      11 |  25.6
    Snake:4 |   19554 |   25421 |  56.5 |      36 |      35 |  49.3
    Slime:1 |    1279 |       0 |   0.0 |       4 |       0 |   0.0
    Slime:2 |    6635 |       0 |   0.0 |      15 |       0 |   0.0
    Slime:3 |    3805 |       0 |   0.0 |      11 |       0 |   0.0
    Slime:4 |    2036 |       0 |   0.0 |       6 |       0 |   0.0
    Slime:5 |   24167 |   24176 |  50.0 |      33 |      16 |  32.7
      Orc:1 |    2689 |       0 |   0.0 |      33 |       0 |   0.0
      Orc:2 |    1845 |    6869 |  78.8 |      21 |      48 |  69.6
   Vaults:1 |   10529 |   40607 |  79.4 |      22 |      49 |  69.0
   Vaults:2 |   46385 |   15684 |  25.3 |      71 |      18 |  20.2
   Vaults:3 |   28644 |   27320 |  48.8 |      42 |      32 |  43.2
   Vaults:4 |   23042 |   66955 |  74.4 |      28 |      59 |  67.8
   Vaults:5 |   27780 |   76187 |  73.3 |      39 |      69 |  63.9
    Crypt:1 |   36429 |    7723 |  17.5 |      63 |       4 |   6.0
    Crypt:2 |   29608 |       0 |   0.0 |      43 |       0 |   0.0
    Crypt:3 |   36203 |   26306 |  42.1 |      52 |      62 |  54.4
     Tomb:1 |   11010 |   87301 |  88.8 |      32 |      67 |  67.7
     Tomb:2 |   17567 |   42198 |  70.6 |      47 |      49 |  51.0
     Tomb:3 |   10545 |   39225 |  78.8 |      25 |      41 |  62.1
   Depths:1 |   24622 |   18830 |  43.3 |      30 |      30 |  50.0
   Depths:2 |   37050 |   40558 |  52.3 |      42 |      44 |  51.2
   Depths:3 |   15966 |   16570 |  50.9 |      17 |      17 |  50.0
   Depths:4 |   47391 |   19228 |  28.9 |      50 |      15 |  23.1
      Zot:1 |   17230 |       0 |   0.0 |      12 |       0 |   0.0
      Zot:2 |   37898 |       0 |   0.0 |      36 |       0 |   0.0
      Zot:3 |   51102 |   10393 |  16.9 |      47 |      10 |  17.5
      Zot:4 |   42775 |       0 |   0.0 |      38 |       0 |   0.0
    Abyss:2 |   13962 |       0 |   0.0 |      31 |       0 |   0.0
    Ossuary |       0 |     152 | 100.0 |       0 |      16 | 100.0
            +---------+---------+-------+---------+---------+-------
